Workbook
Name DKCO: #REF!
Name DKCO: #REF!
Name DKNO: #REF!
Name DKNO: #REF!
Name Donvi: #REF!
Name Donvi: #REF!
Name LM: #REF!
Name LM: #REF!
Name LN: #REF!
Name LN: #REF!
Name Taikhoan: #REF!
Name Taikhoan: #REF!
Name Taikhoan: #REF!
Name TaxTV: 10%
Name TaxXL: 5%
Name TK_BS: #REF!
Name TK_BS: #REF!
Name TK_PL: #REF!
Name TK_PL: #REF!
Name TK_TB: #REF!
Name TK_TB: #REF!
Name TKBS: #REF!
Name TKBS: #REF!
Name Ý_kiến: #REF!
Name Ý_kiến: #REF!
Name YKien: #REF!
Name YKien: #REF!
Name ZYX: #REF!
Name ZYX: #REF!
Name ZZZ: #REF!
Name ZZZ: #REF!

Sheet Tong quat
A1: Kỳ báo cáo: | C1: Tại ngày 31 tháng 12 năm 2022/As at 31 December 2022
C2: Từ ngày 01 tháng 01 năm 2022 tới ngày 31 tháng 12 năm 2022 / From 01 January 2022 to 31 December 2022
A4: Thông tin chung:
C5: Tên Quỹ: | D5: Quỹ Đầu tư cân bằng Bản Việt
C6: Fund name: | D6: Viet Capital Balanced Fund (VCAMBF)
C7: Tên Công ty quản lý quỹ: | D7: Công ty Cổ phần Quản lý Quỹ Đầu tư chứng khoán Bản Việt
C8: Fund Management Company: | D8: Viet Capital Asset Management Joint Stock Company
C9: Tên ngân hàng giám sát: | D9: Ngân hàng TMCP Đầu tư và Phát triển Việt Nam CN Nam Kỳ Khởi Nghĩa
C10: Supervising bank: | D10: Bank for Investment and Development of VietNam JSC - Nam Ky Khoi Nghia Branch
C11: Ngày lập báo cáo: | D11: Ngày 30 tháng 01 năm 2023
C12: Reporting Date: | D12: 44956
A14: Người ký báo cáo:
C16: Đại diện có thẩm quyền của Ngân hàng giám sát | F16: Đại diện có thẩm quyền của Công ty quản lý Quỹ
C17: Authorised Representative of Supervisory Bank | F17: Authorised Representative of Fund Management Company
C19: NH TMCP ĐT & PT Việt Nam CN Nam Kỳ Khởi Nghĩa | F19: Công ty CP Quản lý Quỹ Đầu tư chứng khoán Bản Việt
C20: Hoàng Văn Sơn | F20: Trương Thị Thanh Ngọc
C21: Phó giám đốc Chi nhánh | F21: Giám đốc quỹ
B34: STT | C34: Nội dung | E34: Tên sheet
B35: A | C35: BÁO CÁO CHUNG VỀ HOẠT ĐỘNG ĐẦU TƯ CỦA QUỸ
B36: 1 | C36: Báo cáo thu nhập | E36: BCThuNhap_06203
B37: 2 | C37: Báo cáo tình hình tài chính | E37: BCTinhHinhTaiChinh_06105
B38: 3 | C38: Báo cáo lưu chuyển tiền tệ | E38: BCLCGT_06262
B39: 4 | C39: Báo cáo tài sản | E39: BCTaiSan_06027
B40: 5 | C40: Baó cáo Kết quả hoạt động | E40: BCKetQuaHoatDong_06028
B41: 6 | C41: Baáo cáo Danh mục đầu tư | E41: BCDanhmucdautu_06029
B42: 7 | C42: Giá trị tài sản ròng | E42: GiaTriTaiSanRong_06129
B43: 8 | C43: Báo cáo hoạt động vay | E43: Bchoatdongvay_06026
B44: 9 | C44: Báo cáo chỉ tiêu khác | E44: Khac_06030
B45: 10 | C45: Thống kê phí giao dịch
B46: B | C46: BÁO CÁO TÌNH HÌNH TỰ DOANH ĐẦU TƯ GIÁN TIẾP RA NƯỚC NGOÀI CỦA QUỸ | E46: Không có
B49: Thống kê các Thuyết minh BCTC
D51: Có trình bày Y/N/O | E51: Nguyên nhân không trình bày
B52: 1/ | C52: Tiền gửi Ngân hàng | D52: Y
B53: 2/ | C53: Các khoản đầu tư | D53: Y
B54: 3/ | C54: Các khoản dự phòng | D54: O | E54: Chỉ có VF1 trình bày, các Quỹ khác không có khoản mục này không phải trình bày
B55: 4/ | C55: Vay ngắn hạn | D55: N | E55: Không có số dư không trình bày
B56: 5/ | C56: Phải trả mua các khoản đầu tư | D56: N | E56: Không có số dư không trình bày
B57: 6/ | C57: Phải trả các Đại lý phân phối, Công ty Quản lý quỹ về phí phát hành và mua lại Chứng chỉ quỹ | D57: N | E57: Trên báo cáo chính đã chi tiết theo từng khoản mục
B58: 7/ | C58: Thuế và các khoản phải nộp Nhà nước | D58: N | E58: Không bắt buộc, Quỹ chỉ có khoản mục thuế từ hoạt động mua bán CCQ và Thù lao BDD
B59: 8/ | C59: Phải trả thu nhập cho Nhà đầu tư | D59: N | E59: Quỹ nào có chia cổ tức mới trình bày
B60: 9/ | C60: Chi phí phải trả | D60: N | E60: Trên báo cáo chính đã chi tiết theo từng khoản mục
B61: 10/ | C61: Phải trả dịch vụ quản lý quỹ | D61: N | E61: Trên báo cáo chính đã chi tiết theo từng khoản mục
B62: 11/ | C62: Phải trả, phải nộp khác | D62: Y | E62: Chi tiết theo nature khoản mục của từng quỹ
B63: 12/ | C63: Tình hình biến động vốn chủ sở hữu | D63: Y
B64: 13/ | C64: Lợi nhuận chưa phân phối | D64: Y
B65: 14/ | C65: Lãi, lỗ bán các khoản đầu tư | D65: Y | E65: Tính toán lại dựa trên Báo cáo Sale and Purchase Report, checking với cân đối
B66: 15/ | C66: Chênh lệch đánh giá lại các khoản đầu tư | D66: Y | E66: Dựa trên báo cáo Portfolio Valuation
B67: 16/ | C67: Doanh thu hoạt động đầu tư | D67: Y
B68: 17/ | C68: Chi phí giao dịch mua các khoản đầu tư | D68: N | E68: Hệ thống ko support nhặt số liệu báo cáo này
B69: 18/ | C69: Chi phí giao dịch bán các khoản đầu tư | D69: N | E69: Hệ thống ko support nhặt số liệu báo cáo này
B70: 19/ | C70: Chi phí đầu tư | D70: N | E70: Trên báo cáo chính đã chi tiết theo từng khoản mục
B71: 20/ | C71: Chi phí quản lý Quỹ mở | D71: N | E71: Trên báo cáo chính đã chi tiết theo từng khoản mục
B72: 21/ | C72: Thuyết minh về giá trị tài sản ròng | D72: Y | E72: Thống kê theo từng kỳ NAV
B73: 22/ | C73: Thuyết minh về danh mục các khoản đầu tư | D73: N | E73: Báo cáo theo thông tư 183 đã có thông tin
B74: 23/ | C74: Thuyết minh về các Tài khoản loại 0 | D74: N | E74: Không coó
B75: 24/ | C75: Những thông tin khác | D75: N | E75: Không bắt buộc trình bày

Sheet BCThuNhap_06203
A1: Mẫu số B01g - QM. Báo cáo thu nhập Template B01g - QM. Statement of Comprehensive Income
A2: (Ban hành kèm theo Thông tư 198/2012/TT-BTC ngày 15 tháng 11 năm 2012 về chế độ kế toán áp dụng đối với quỹ mở) (Issued in association with Circular 198/2012/TT-BTC dated 15 Nov 2012 on the Accounting Policies for Open-Ended Fund)
A3: BÁO CÁO THU NHẬP STATEMENT OF COMPREHENSIVE INCOME
A5: Năm 2022/ Year 2022
A7: Tên Quỹ: | B7: Quỹ Đầu tư cân bằng Bản Việt
A8: Fund name: | B8: Viet Capital Balanced Fund (VCAMBF)
A9: Tên Công ty quản lý quỹ: | B9: Công ty Cổ phần Quản lý Quỹ Đầu tư chứng khoán Bản Việt
A10: Fund Management Company: | B10: Viet Capital Asset Management Joint Stock Company
A11: Tên ngân hàng giám sát: | B11: Ngân hàng TMCP Đầu tư và Phát triển Việt Nam Chi nhánh Nam Kỳ Khởi Nghĩa
A12: Supervising bank: | B12: Bank for Investment and Development of VietNam JSC - Nam Ky Khoi Nghia Branch
A13: Ngày lập báo cáo: | B13: Ngày 30 tháng 01 năm 2023
A14: Reporting Date: | B14: 44956
A16: Chỉ tiêu Indicator | B16: Mã số Code | C16: Thuyết minh Note | D16: Năm 2022 Year 2022 | E16: Năm 2021 Year 2021
A17: I. THU NHẬP, DOANH THU HOẠT ĐỘNG ĐẦU TƯ Investment income | B17: 01 | D17: -19093606999 | E17: 30315204423
A18: 1.1. Cổ tức, trái tức được chia Dividend, bond interest received | B18: 02 | D18: 1754103945 | E18: 1744027794
A19: Cổ tức được nhận Dividend received | B19: 02.1 | D19: 1209829972 | E19: 1404720528
A20: Trái tức được nhận Coupon received | B20: 02.2 | D20: 544273973 | E20: 339307266
A21: 1.2. Tiền lãi được nhận Interest income | B21: 03 | D21: 1593692656 | E21: 1074305829
A22: Tiền lãi tiền gửi được nhận Bank Deposit Interest received | B22: 03.1 | D22: 1467117314 | E22: 1074305829
A23: Lãi chứng chỉ tiền gửi Interest income from Certificate of Deposit | B23: 03.2 | D23: 126575342 | E23: 0
A24: 1.3. Lãi (lỗ) bán các khoản đầu tư Realized gain (losses) from disposal investments | B24: 04 | D24: 2118817045 | E24: 16082336009
A25: 1.4. Chênh lệch tăng, giảm đánh giá lại các khoản đầu tư chưa thực hiện Unrealized gain (losses) from investment revaluation | B25: 05 | D25: -24560220645 | E25: 11414534791
A26: 1.5. Doanh thu khác Other income | B26: 06 | D26: 0 | E26: 0
A27: 1.6. Chênh lệch lãi, lỗ tỷ giá hối đoái đã và chưa thực hiện Realized and unrealized gain (losses) from foreign exchange | B27: 07 | D27: 0 | E27: 0
A28: 1.7. Doanh thu khác về đầu tư Other investment income | B28: 08 | D28: 0 | E28: 0
... A31: 2.1. Chi phí giao dịch mua, bán các khoản đầu tư Expense for purchasing and selling investments | B31: 11 | D31: 272536710 | E31: 324576718
A32: Phí môi giới Brokerage fee | B32: 11.1 | D32: 272536710 | E32: 324576718
A33: Chi phí thanh toán bù trừ Clearing settlement fee | B33: 11.2 | D33: 0 | E33: 0
A34: 2.2. Chi phí dự phòng nợ phải thu khó đòi và xử lý tổn thất phải thu khó đòi Provision expense | B34: 12 | D34: 0 | E34: 0
A35: 2.3. Chi phí lãi vay Borrowing interest expense | B35: 13 | D35: 0 | E35: 0
A36: 2.4. Chi phí dự phòng giảm giá tài sản nhận thế chấp và xử lý tổn thất các khoản đầu tư cho vay có tài sản nhận thế chấp Impairment expense for devaluation of assets received as pledge | B36: 14 | D36: 0 | E36: 0
A37: 2.5. Chi phí đầu tư khác Other investments expense | B37: 15 | D37: 0 | E37: 0
A38: III. CHI PHÍ HOẠT ĐỘNG CỦA QUỸ OPERATING EXPENSE | B38: 20 | D38: 2098116471 | E38: 1841530987
A39: 3.1. Phí quản lý Quỹ mở Management fee | B39: 20.1 | D39: 1161009255 | E39: 906572973
A40: 3.2. Phí dịch vụ lưu ký tài sản Quỹ mở Custodian fee | B40: 20.2 | D40: 304506991 | E40: 317043180
A41: Phí dịch vụ lưu ký - bảo quản tài sản Custodian service - Custody Fee | B41: 20.2.1 | D41: 240000000 | E41: 240000000
A42: Phí dịch vụ lưu ký - giao dịch chứng khoán Custodian service - Transaction fee | B42: 20.2.2 | D42: 58731589 | E42: 71348450
A43: Phí dịch vụ lưu ký - phí VSD Custodian service - VSD fee | B43: 20.2.3 | D43: 5775402 | E43: 5694730
A44: 3.3. Phí dịch vụ giám sát Supervising fee | B44: 20.3 | D44: 66000000 | E44: 66000000
A45: 3.4. Phí dịch vụ quản trị Quỹ mở Fund administrative fee | B45: 20.4 | D45: 198000000 | E45: 198000000
... A69: 6.2. Lợi nhận/(lỗ) chưa thực hiện Unrealized profit (losses) | B69: 32 | D69: -24560220645 | E69: 11414534791
A70: VII. CHI PHÍ THUẾ TNDN CORPORATE INCOME TAX | B70: 40
A71: VIII. LỢI NHUẬN KẾ TOÁN SAU THUẾ TNDN PROFIT AFTER TAX (41=30-40) | B71: 41 | D71: =D67 -> -21464260180 | E71: 28149096718
A75: Công ty Cổ phần Quản lý Quỹ Đầu tư Chứng khoán Bản Việt
A78: Người lập
A89: Bà Nguyễn Thị Nhung | D89: Bà Khúc Thị Kiều | E89: Bà Trương Thị Thanh Ngọc
A90: Kế toán Quỹ | D90: Kế toán trưởng | E90: Giám đốc quỹ

Sheet BCTinhHinhTaiChinh_06105
A1: Mẫu số B02g - QM. Báo cáo tình hình tài chính Template B02g - QM. Statement of Financial Position
A2: (Ban hành kèm theo Thông tư 198/2012/TT-BTC ngày 15 tháng 11 năm 2012 về chế độ kế toán áp dụng đối với quỹ mở) (Issued in association with Circular 198/2012/TT-BTC dated 15 Nov 2012 on the Accounting Policies for Open-Ended Fund)
A3: BÁO CÁO TÌNH HÌNH TÀI CHÍNH STATEMENT OF FINANCIAL POSITION
A5: Tại 31 tháng 12 năm 2022/As at 31 December 2022
A7: Tên Quỹ: | B7: Quỹ Đầu tư cân bằng Bản Việt
A8: Fund name: | B8: Viet Capital Balanced Fund (VCAMBF)
A9: Tên Công ty quản lý quỹ: | B9: Công ty Cổ phần Quản lý Quỹ Đầu tư chứng khoán Bản Việt
A10: Fund Management Company: | B10: Viet Capital Asset Management Joint Stock Company
A11: Tên ngân hàng giám sát: | B11: Ngân hàng TMCP Đầu tư và Phát triển Việt Nam Chi nhánh Nam Kỳ Khởi Nghĩa
A12: Supervising bank: | B12: Bank for Investment and Development of VietNam JSC - Nam Ky Khoi Nghia Branch
A13: Ngày lập báo cáo: | B13: =BCThuNhap_06203!B13 -> Ngày 30 tháng 01 năm 2023
A14: Reporting Date: | B14: =BCThuNhap_06203!B14 -> 44956
A16: Chỉ tiêu Indicator | B16: Mã số Code | C16: Thuyết minh Note | D16: Ngày 31 tháng 12 năm 2022 As at 31 December 2022 | E16: Ngày 31 tháng 12 năm 2021 As at 31 December 2021 | I16: Ngày 28 tháng 02 năm 2019 As at 28 February 2019
A17: I. TÀI SẢN ASSETS
A18: 1.Tiền gửi ngân hàng và tương đương tiền Cash at bank and cash equivalent | B18: 110 | D18: 16164663074 | E18: 22891611972 | I18: 29799258648 | J18: 729768413
A19: 1.1. Tiền gửi ngân hàng cho hoạt động của Quỹ mở Cash at bank for Fund's operation | B19: 111 | D19: 16164663074 | E19: 5656890237 | I19: 9361428215 | J19: 611101479
A20: Tiền gửi của nhà đầu tư cho hoạt động mua chứng chỉ quỹ Cash at bank for Fund's subscription | B20: 111.1 | D20: 0 | E20: 4000000
A21: Tiền phải trả cho Nhà đầu tư về mua lại chứng chỉ quỹ Cash at bank for Fund's redemption | B21: 111.2 | D21: 0 | E21: 0
A22: Tiền gửi ngân hàng cho hoạt động của Quỹ Cash at bank for Fund's operation | B22: 111.3 | D22: 16164663074 | E22: 5652890237
A23: 1.2. Tiền gửi có kỳ hạn dưới 3 tháng Term deposit less than 3 months | B23: 112 | D23: 0 | E23: 17234721735 | I23: 20437830433 | J23: 118666934
A24: 2. Các khoản đầu tư thuần Investment | B24: 120 | D24: 76447860698 | E24: 92688070600 | I24: 46113652000 | J24: -267466000
A25: 2.1. Các khoản đầu tư Investments | B25: 121 | D25: 76447860698 | E25: 92688070600 | I25: 46113652000 | J25: -267466000
A26: Cổ phiếu niêm yết Listed shares | B26: 121.1 | D26: 51879766700 | E26: 71084739100 | I26: 43113652000 | J26: -267466000
A27: Cổ phiếu chưa niêm yết Unlisted shares | B27: 121.2 | D27: 0 | E27: 0 | I27: 0
A28: Trái phiếu Bonds | B28: 121.3 | D28: 0 | E28: 7000000000 | I28: 0 | J28: 0
A29: Hợp đồng tiền gửi có kỳ hạn trên ba (03) tháng Deposit with term over three (03) months | B29: 121.4 | D29: 17568093998 | E29: 14603331500 | I29: 3000000000 | J29: 0
A30: Chứng chỉ tiền gửi ghi danh Registered Deposit Certificate | B30: 121.5 | D30: 7000000000 | E30: 0 | I30: 0 | J30: 0
A31: Quyền mua chứng khoán Investments - Rights | B31: 121.6 | D31: 0 | E31: 0 | I31: 0 | J31: 0
A32: 2.2. Dự phòng giảm giá tài sản nhận thế chấp Impairment of devaluation of assets as pledge | B32: 122 | D32: 0 | E32: 0 | I32: 0 | J32: 0
A33: 3. Các khoản phải thu Receivables | B33: 130 | D33: 1364855818 | E33: 3163830187 | I33: 473787186 | J33: -61449754
A34: 3.1 Phải thu về bán các khoản đầu tư Receivables from investments sold but not yet settled | B34: 131 | D34: 804791000 | E34: 2501342350 | I34: 285571000 | J34: -58238511
A35: 3.2. Phải thu và dự thu cổ tức, tiền lãi các khoản đầu tư Dividend and interest receivables | B35: 133 | D35: 560064818 | E35: 662487837 | I35: 188216186 | J35: -3211243
A36: Phải thu cổ tức, tiền lãi đến ngày nhận Dividend and interest receivables | B36: 134 | D36: 0 | E36: 0 | I36: 0 | J36: 0
A37: Trong đó: Phải thu khó đòi về cổ tức, tiền lãi đến ngày nhận nhưng chưa nhận được In which: Overdue receivables from dividend, interest income | B37: 135 | D37: 0 | E37: 0 | J37: 0
A38: Dự thu cổ tức, tiền lãi chưa đến ngày nhận Accrual dividend, interest income | B38: 136 | D38: 560064818 | E38: 662487837 | I38: 188216186 | J38: -3211243
A39: Phải thu cổ tức Dividend receivable | B39: 136.1 | D39: 204000000 | E39: 81068800 | I39: 0 | J39: 0
A40: Phải thu lãi tiền gửi có kỳ hạn Interest receivable from term deposit | B40: 136.2 | D40: 229489476 | E40: 283391640 | I40: 188216186 | J40: -3211243
A41: Phải thu lãi chứng chỉ tiền gửi ghi danh Interest receivable from registered Deposit Certificate | B41: 136.3 | D41: 126575342 | E41: 0 | I41: 0 | J41: 0
A42: Phải thu trái tức Coupond receivable | B42: 136.4 | D42: 0 | E42: 298027397 | I42: 0 | J42: 0
A43: Phải thu lãi hợp đồng mua lại đảo ngược Interest receivable from reverse repo contract | B43: 136.5 | D43: 0 | E43: 0 | I43: 0 | J43: 0
A44: 3.3. Các khoản phải thu khác Other receivables | B44: 137 | D44: 0 | E44: 0 | I44: 0 | J44: 0
A45: 3.4. Dự phòng nợ phải thu khó đòi Provision for doubtful debt | B45: 138 | D45: 0 | E45: 0 | I45: 0 | J45: 0 | M45: checking
A46: TỔNG TÀI SẢN TOTAL ASSETS | B46: 100 | D46: 93977379590 | E46: 118743512759 | G46: 0 | H46: 0 | I46: 76386697834 | J46: 400852659 | M46: 77161857907 | N46: 76787550493
A47: II. NỢ PHẢI TRẢ TOTAL LIABILITIES | B47: II | D47: 0 | E47: 0 | J47: 0 | M47: 0 | N47: 0
A48: 1. Vay ngắn hạn - hợp đồng repo Shorterm loans - Repo | B48: 311 | D48: 0 | E48: 0 | I48: 0 | J48: 0
A49: 2. Phải trả về mua các khoản đầu tư Payables for securities bought but not yet settled | B49: 312 | D49: 741110 | E49: 649873350 | I49: 1491333650 | J49: -1427738400
A50: 3. Phải trả phí cho các Đại lý phân phối, Công ty quản lý quỹ về mua bán Chứng chỉ quỹ Subscription and Redemption fee payable to distributors and fund management company | B50: 313 | D50: 1183070 | E50: 10308570 | I50: 0 | J50: 250000
A51: 4. Thuế và các khoản phải nộp Nhà nước Tax payables and obligations to the State Budget | B51: 314 | D51: 687346 | E51: 1270463 | I51: 0 | J51: 0
A52: 5.Phải trả thu nhập cho Nhà đầu tư Profit distribution payables | B52: 315 | D52: 407334 | E52: 407334 | I52: 0 | J52: 0
A53: 6. Chi phí phải trả Expense Accuals | B53: 316 | D53: 103200000 | E53: 96200000 | I53: 95797260 | J53: 15591781
A54: Trích trước phí môi giới Expense accruals - Brokerage fee | B54: 316.1 | D54: 0 | E54: 0 | I54: 0 | J54: 0
A55: Trích trước phí kiểm toán Expense accruals- Audit fee | B55: 316.2 | D55: 87000000 | E55: 80000000 | I55: 82780822 | J55: 9342466
A56: Trích trước phí họp đại hội thường niên Expense accruals - Annual General meeting | B56: 316.3 | D56: 0 | E56: 0 | I56: 0 | J56: 0
A57: Trích trước phí báo cáo thường niên Expense accruals for Annual report | B57: 316.4 | D57: 0 | E57: 0 | I57: 0 | J57: 0
A58: Trích trước thù lao ban đại diện quỹ Expense accruals - Remuneration Payable to Fund's Board of Representatives | B58: 316.5 | D58: 16200000 | E58: 16200000 | I58: 11400000 | J58: 5400000
A59: Trích trước phí công tác, họp của ban đại diện Expense accruals for Fund's Board of Representatives travelling, meeting | B59: 316.6 | D59: 0 | E59: 0 | I59: 0 | J59: 0
A60: Trích trước phí quản lý thường niên Expense accruals for Annual Fee | B60: 316.7 | D60: 0 | E60: 0 | I60: 1616438 | J60: 849315
A61: 7. Phải trả cho Nhà đầu tư về mua Chứng chỉ quỹ Subscription Suspense Payable | B61: 317 | D61: 0 | E61: 4000000 | I61: 0 | J61: 0
A62: 8. Phải trả cho Nhà đầu tư về mua lại Chứng chỉ quỹ Redemption payable | B62: 318 | D62: 16192576580 | E62: 617248553 | I62: 0 | J62: 0
A63: 9. Phải trả dịch vụ quản lý Quỹ mở Fund management related service expense payable | B63: 319 | D63: 148613272 | E63: 143478624 | I63: 109626433 | J63: 8751876
A64: Trích trước phải trả phí quản lý Expense accruals for Management fee | B64: 319.1 | D64: 95371250 | E64: 89532424 | I64: 51431433 | J64: 6801876
A65: Trích trước phí lưu ký tài sản Expense accruals for Custodian fee | B65: 319.2 | D65: 20000000 | E65: 20000000 | I65: 10750000 | J65: 0
A66: Trích trước phí quản trị quỹ Expense accruals for Fund administration fee | B66: 319.3 | D66: 16500000 | E66: 16500000 | I66: 11180000 | J66: 0
A67: Trích trước phí giám sát Expense accruals for Supervising fee | B67: 319.4 | D67: 5500000 | E67: 5500000 | I67: 19565000 | J67: 0
A68: Trích trước phí dịch vụ đại lý chuyển nhượng Expense accruals for Tranfer agency fee | B68: 319.5 | D68: 11000000 | E68: 11000000 | I68: 11000000 | J68: 0
A69: Phải trả phí giao dịch Accruals of Transaction Fee | B69: 319.6 | D69: 242022 | E69: 946200 | I69: 5700000 | J69: 1950000
A70: Phải trả phí giao dịch thanh toán bù trừ chứng khoán Accruals of Clearing Settlement Fee | B70: 319.7 | D70: 0 | E70: 0 | I70: 0 | J70: 0
A71: 10. Phải trả, phải nộp khác Other payables | B71: 320 | D71: 0 | E71: 0 | I71: 0 | J71: 0
A72: TỔNG NỢ PHẢI TRẢ TOTAL LIABILITIES | B72: 300 | D72: 16447408712 | E72: 1522786894 | G72: Check | I72: 1696757343 | J72: -1403144743 | M72: 190555733 | N72: 293612600
A73: III. GIÁ TRỊ TÀI SẢN RÒNG CÓ THỂ PHÂN PHỐI CHO NHÀ ĐẦU TƯ NẮM GIỮ CHỨNG CHỈ QUỸ MỞ (I-II) DISTRIBUTABLE NET ASSET VALUE (I-II) | B73: 400 | D73: 77529970878 | E73: 117220725865 | G73: 0 | H73: 0 | I73: 74689940491 | J73: 1803997402 | M73: 0 | N73: 0
A74: 1. Vốn góp của Nhà đầu tư Paid up capital | B74: 411 | D74: 57370825652 | E74: 70711517552 | I74: 63515455252 | J74: 41425800 | M74: 76971302174 | N74: 76493937893
A75: 1.1 Vốn góp phát hành Capital from subscription | B75: 412 | D75: 89810876352 | E75: 88776513852 | G75: 0 | H75: 0 | I75: 67944463052 | J75: 41425800 | M75: 0 | N75: 0
A76: 1.2 Vốn góp mua lại Capital from redeemption | B76: 413 | D76: -32440050700 | E76: -18064996300 | I76: -4429007800 | J76: 0
A77: 2. Thặng dư vốn góp của Nhà đầu tư Share premium | B77: 414 | D77: -344188224 | E77: 4541614683 | I77: 1028209345 | J77: 8324200 | M77: 76971302174 | N77: 76493937893
A78: 3. Lợi nhuận chưa phân phối Undistributed earnings | B78: 420 | D78: 20503333450 | E78: 41967593630 | I78: 10146275894 | J78: 1754247402 | M78: 0 | N78: 0
A79: IV. GIÁ TRỊ TÀI SẢN RÒNG QUỸ MỞ TRÊN 1 ĐƠN VỊ CHỨNG CHỈ QUỸ (IV=III/(VI.4)) NET ASSET VALUE PER FUND CERTIFICATE | B79: 430 | D79: 13513.83 | E79: 16577.32 | I79: 11759.33 | J79: 276.18
A80: V. LỢI NHUẬN ĐÃ PHÂN PHỐI CHO NHÀ ĐẦU TƯ DISTRIBUTED EARNINGS | B80: 440 | D80: 0 | E80: 0 | J80: 0
A81: 1. Lợi nhuận/Tài sản đã phân phối cho Nhà đầu tư trong năm Distributed earnings assets in the period | B81: 441 | D81: 0 | E81: 3349604890 | I81: 0 | J81: 0
A82: 2. Lợi nhuận đã phân phối cho Nhà đầu tư lũy kế từ khi thành lập Quỹ mở đến kỳ lập báo cáo này Accumulated distributed profit/ assets | B82: 442 | D82: 21452073549 | E82: 21452073549 | I82: 11894947459 | J82: 0
A83: VI. CÁC CHỈ TIÊU NGOÀI BÁO CÁO TÌNH HÌNH TÀI CHÍNH OFF BALANCE SHEET ITEMS | B83: VI | D83: 0 | E83: 0 | J83: 0
A84: 1. Tài sản nhận thế chấp Assets received as pledge | B84: 001 | D84: 0 | E84: 0 | I84: 0 | J84: 0
A85: 2. Nợ khó đòi đã xử lý Written off bad debts | B85: 002 | D85: 0 | E85: 0 | I85: 0 | J85: 0
A86: 3. Ngoại tệ các loại Foreign currencies | B86: 003 | D86: 0 | E86: 0 | I86: 0 | J86: 0
A87: 4. Số lượng Chứng chỉ quỹ đang lưu hành Number of outstanding fund certificates | B87: 004 | D87: 5737082.6 | E87: 7071151.8 | I87: 6351545.5 | J87: 4142.58
A92: Công ty Cổ phần Quản lý Quỹ Đầu tư Chứng khoán Bản Việt
A94: Người lập | D94: Người duyệt
A108: Bà Nguyễn Thị Nhung | D108: Bà Khúc Thị Kiều | E108: Bà Trương Thị Thanh Ngọc
A109: Kế toán Quỹ | D109: Kế toán trưởng | E109: Giám đốc quỹ

Sheet BCLCGT_06262
A1: Mẫu số B02g - QM. Báo cáo tình hình tài chính Template B02g - QM. Statement of Financial Position
A2: (Ban hành kèm theo Thông tư 198/2012/TT-BTC ngày 15 tháng 11 năm 2012 về chế độ kế toán áp dụng đối với quỹ mở) (Issued in association with Circular 198/2012/TT-BTC dated 15 Nov 2012 on the Accounting Policies for Open-Ended Fund)
A3: BÁO CÁO LƯU CHUYỂN TIỀN TỆ CASH FLOW (INDIRECT)
A5: =BCThuNhap_06203!A5 -> Năm 2022/ Year 2022
A7: Tên Quỹ: | B7: Quỹ Đầu tư cân bằng Bản Việt
A8: Fund name: | B8: Viet Capital Balanced Fund (VCAMBF)
A9: Tên ngân hàng giám sát: | B9: NH TMCP ĐT và PT Việt Nam CN Nam Kỳ Khởi Nghĩa
A10: Supervising bank: | B10: Bank for Investment and Development of VietNam JSC - Nam Ky Khoi Nghia Branch
A11: Tên Công ty quản lý quỹ: | B11: Công ty Cổ phần Quản lý Quỹ Đầu tư chứng khoán Bản Việt
A12: Fund Management Company: | B12: Viet Capital Asset Management Joint Stock Company
A13: Ngày lập báo cáo: | B13: =BCThuNhap_06203!B13 -> Ngày 30 tháng 01 năm 2023
A14: Reporting Date: | B14: =BCThuNhap_06203!B14 -> 44956
A16: Chỉ tiêu Indicator | B16: Mã số Code | C16: Thuyết minh Note | D16: Năm 2022 Year 2022 | E16: Năm 2021 Year 2021
A17: I. Lưu chuyển tiền từ hoạt động đầu tư Cash flow from investing activities | B17: I
A18: 1. Lợi nhuận trước Thuế thu nhập doanh nghiệp Profit before income tax | B18: 01 | D18: =BCThuNhap_06203!D71 -> -21464260180 | E18: 28149096718
A19: 2. Điều chỉnh cho các khoản tăng giá trị tài sản ròng từ các hoạt động đầu tư Adjustment for NAV increase from investing activities | B19: 02 | D19: =D20+D21 -> 24560220645 | E19: -11414534791
A20: (- lãi) hoặc (+ lỗ) chênh lệch tỷ giá hối đoái/ đánh giá lại các khoản đầu tư chưa thực hiện Unreliased Gain or (Loss) from FX valuation/Investment revaluation | B20: 03 | D20: =+IF(BCThuNhap_06203!D69>0,-BCThuNhap_06203!D69,-BCThuNhap_06203!D69) -> 24560220645 | E20: -11414534791
A21: (+) chi phí trích trước Increase of Accrued Expenses | B21: 04 | D21: 0 | E21: 0
A22: 3. Lợi nhuận từ hoạt động đầu tư trước thay đổi vốn lưu động Profit from investing activities before changes in working capital | B22: 05 | D22: =+D18+D19 -> 3095960465 | E22: 16734561927
A23: (-) Tăng (+) giảm đầu tư (Increase), Decrease Investments | B23: 20 | D23: =+IF((BCTaiSan_06027!D26-BCTaiSan_06027!E26+BCLCGT_06262!D20)>0,-(BCTaiSan_06027!D26-BCTaiSan_06027!E26+BCLCGT_06262!D20),-(BCTaiSan_06027!D26-BCTaiSan_06027!E26+BCLCGT_06262!D20)) -> -8320010743 | E23: -16639547896
A24: (-) Tăng, (+) giảm phải thu bán chứng khoán đầu tư (Increase), Decrease in Receivables from investments sold but not yet settled | B24: 06 | D24: =+IF((BCTaiSan_06027!D39-BCTaiSan_06027!E39)>0,-(BCTaiSan_06027!D39-BCTaiSan_06027!E39),-(BCTaiSan_06027!D39-BCTaiSan_06027!E39)) -> 1696551350 | E24: 1437524474
A25: (-) Tăng, (+) giảm dự thu phải thu tiền lãi các khoản đầu tư (Increase), Decrease in Dividend and interest receivables | B25: 07 | D25: =-(BCTaiSan_06027!D33+BCTaiSan_06027!D36-BCTaiSan_06027!E33-BCTaiSan_06027!E36) -> 102423019 | E25: -455986901
A26: (-) Tăng, (+) giảm các khoản phải thu khác (Increase), Decrease in other receivables | B26: 08 | D26: 0 | E26: 0
A27: (+) Tăng, (-) giảm vay ngắn hạn Increase, (Decrease) in Short term Loans | B27: 09 | D27: 0 | E27: 0
A28: (+) Tăng, (-) giảm phải trả cho người bán (Decrease), Increase in payables for securities purchased but not yet settled | B28: 10 | D28: =+BCTaiSan_06027!D44-BCTaiSan_06027!E44 -> -649132240 | E28: -3311660050
A29: (+) Tăng, (-) giảm phải trả các Đại lý phân phối Chứng chỉ quỹ, Công ty Quản lý Quỹ (Decrease)/increase in subscription and redemption fee payable to distributors and Fund Management Company | B29: 11 | D29: =+BCTaiSan_06027!D49-BCTaiSan_06027!E49 -> -9125500 | E29: 10015716
A30: (+) Tăng, (-) giảm phải trả thu nhập cho Nhà đầu tư Increase, (Decrease) profit distribution payables | B30: 12 | D30: =+BCTaiSan_06027!D50-BCTaiSan_06027!E50 -> 0 | E30: 81978
A31: (+) Tăng, (-) giảm Thuế và các khoản phải nộp Nhà nước Increase, (Decrease) Tax payables and obligations to the State Budget | B31: 13 | D31: =+BCTaiSan_06027!D48-BCTaiSan_06027!E48 -> -583117 | E31: 611892
A32: (+) Tăng, (-) giảm phải trả cho Nhà đầu tư về mua Chứng chỉ quỹ Increase, (Decrease) Subscription Suspense Payable | B32: 14 | D32: =+BCTaiSan_06027!D47-BCTaiSan_06027!E47 -> -4000000 | E32: 4000000
A33: (+) Tăng, (-) giảm phải trả cho Nhà đầu tư về mua lại Chứng chỉ quỹ Increase, (Decrease) Redemption payable | B33: 15 | D33: =+BCTaiSan_06027!D46-BCTaiSan_06027!E46 -> 15575328027 | E33: 617248553
A34: (+) Tăng, (-) giảm phải trả, phải nộp khác Increase, (Decrease) Other payables | B34: 16 | D34: =+BCTinhHinhTaiChinh_06105!D53-BCTinhHinhTaiChinh_06105!E53 -> 7000000 | E34: 10000000
A35: (+) Tăng, (-) giảm Phải trả dịch vụ quản lý Quỹ mở Increase, (Decrease) Fund management related service expense payable | B35: 17 | D35: =+BCTinhHinhTaiChinh_06105!D63-BCTinhHinhTaiChinh_06105!E63 -> 5134648 | E35: 25844196
A36: (+) Tăng, (-) giảm Thuế Thu nhập doanh nghiệp đã nộp Increase, (Decrease) Income Tax Payment | B36: 18 | D36: 0 | E36: 0
A37: Lưu chuyển tiền thuần từ hoạt động đầu tư (1+2+3) Net Cash flow from Investing activities | B37: 19 | D37: =+D22+D23+D24+D25+D28+D29+D30+D31+D34+D35+D33+D32 -> 11499545909 | E37: -1567306111
A38: II. Lưu chuyển tiền từ hoạt động tài chính Cash flow from financing activities | B38: II
A39: 1. Tiền thu từ phát hành Chứng chỉ quỹ mở Receipts from subscriptions | B39: 31 | D39: =BCKetQuaHoatDong_06028!D64 -> 1588839857 | E39: 26301224524
A40: 2. Tiền chi mua lại Chứng chỉ quỹ mở Payments for redemptions | B40: 32 | D40: =BCKetQuaHoatDong_06028!D65 -> -19815334664 | E40: -17453274802
A41: 3. Tiền vay gốc Principal of Loans | B41: 33 | D41: 0 | E41: 0
A42: 4. Tiền chi trả nợ gốc vay Payment of Principal loans | B42: 34 | D42: 0 | E42: 0
A43: 5. Tiền chi trả cổ tức, tiền lãi cho nhà đầu tư Dividend, profit distribution payment | B43: 35 | D43: 0 | E43: -3349604890
A44: Lưu chuyển tiền thuần từ hoạt động tài chính (1+2+3-4+5) Net cash outflows from financing activities | B44: 30 | D44: =+D39+D40+D41-D42+D43 -> -18226494807 | E44: 5498344832
A45: III. Tăng/giảm tiền thuần trong kỳ Net Increase/Decrease in cash and cash equivalent for the period | B45: 40 | D45: =+D51-D46 -> -6726948898 | E45: 3931038721
A46: IV. Tiền và các khoản tương đương tiền đầu kỳ Cash and cash equivalents at the beginning of period | B46: 50 | D46: =D47 -> 22891611972 | E46: 18960573251
A47: Tiền gửi ngân hàng đầu kỳ: Cash at bank of the beginning of period | B47: 51 | D47: =+D48+D49+D50 -> 22891611972 | E47: 18960573251
A48: - Tiền gửi ngân hàng cho hoạt động của Quỹ Cash at bank for Fund's operation | B48: 52 | D48: =E53 -> 22887611972 | E48: 18960573251
A49: - Tiền gửi cho hoạt động mua bán của nhà đầu tư Cash at bank for Fund's subscription/redemption | B49: 53 | D49: =E54 -> 4000000 | E49: 0
A50: - Tiền gửi phong tỏa Frozen Account | B50: 54 | D50: 0 | E50: 0
A51: V. Tiền và các khoản tương đương tiền cuối kỳ Cash and cash equivalents at the end of period | B51: 55 | D51: =D52 -> 16164663074 | E51: 22891611972
A52: Tiền gửi ngân hàng cuối kỳ: Cash at bank of the end of period | B52: 56 | D52: =+D53+D54+D55 -> 16164663074 | E52: 22891611972
A53: - Tiền gửi ngân hàng cho hoạt động của Quỹ Cash at bank for Fund's operation | B53: 57 | D53: =BCTaiSan_06027!D19 -> 16164663074 | E53: =+E52-E54 -> 22887611972
A54: - Tiền gửi cho hoạt động mua bán của nhà đầu tư Cash at bank for Fund's subscription/redemption | B54: 58 | D54: 0 | E54: 4000000
A55: - Tiền gửi phong tỏa Frozen Account | B55: 59 | D55: 0 | E55: 0
A56: VI. Thay đổi Tiền và các khoản tương đương tiền trong kỳ Changes in cash and cash equivalents in the period | B56: 60 | D56: =+D51-D46 -> -6726948898 | E56: 3931038721
A57: Khác Other | B57: 80
B58: Công ty Cổ phần Quản lý Quỹ Đầu tư Chứng khoán Bản Việt
A60: Người lập | D60: Người duyệt
A69: Bà Nguyễn Thị Nhung | B69: Bà Khúc Thị Kiều | D69: Bà Trương Thị Thanh Ngọc
A70: Kế toán Quỹ | B70: Kế toán trưởng | D70: Giám đốc quỹ

Sheet BCTaiSan_06027
A1: Phụ lục XXVI. Mẫu báo cáo về hoạt động của Quỹ Appendix XXVI. Report on Fund's Operation | H1: ok
A2: (Ban hành kèm theo Thông tư số 98/2020/TT-BTC ngày 16 tháng 11 năm 2020 của Bộ trưởng Bộ Tài Chính về hướng dẫn hoạt động và quản lý quỹ đầu tư chứng khoán (Issued in association with Circular 98/2020/TT-BTC dated 16 November 2020 of the Minister of Finance on guiding the operation and management of the securities investment funds
A3: BÁO CÁO HOẠT ĐỘNG ĐẦU TƯ CỦA QUỸ MỞ REPORT ON FUND'S INVESTMENT ACTIVITIES
A5: =BCTinhHinhTaiChinh_06105!A5 -> Tại 31 tháng 12 năm 2022/As at 31 December 2022
A7: Tên Quỹ: | C7: Quỹ Đầu tư cân bằng Bản Việt
A8: Fund name: | C8: Viet Capital Balanced Fund (VCAMBF)
A9: Tên Công ty quản lý quỹ: | C9: Công ty Cổ phần Quản lý Quỹ Đầu tư chứng khoán Bản Việt
A10: Fund Management Company: | C10: Viet Capital Asset Management Joint Stock Company
A11: Tên ngân hàng giám sát: | C11: Ngân hàng TMCP Đầu tư và Phát triển Việt Nam CN Nam Kỳ Khởi Nghĩa
A12: Supervising bank: | C12: Bank for Investment and Development of VietNam JSC - Nam Ky Khoi Nghia Branch
A13: Ngày lập báo cáo: | C13: =BCThuNhap_06203!B13 -> Ngày 30 tháng 01 năm 2023
A14: Reporting Date: | C14: =BCThuNhap_06203!B14 -> 44956
A15: A. | B15: BÁO CÁO CHUNG VỀ HOẠT ĐỘNG ĐẦU TƯ CỦA QUỸ/GENERAL INFORMATION ON FUND'S INVESTMENT ACTIVITIES
A16: I | B16: BÁO CÁO TÀI SẢN CỦA QUỸ / ASSET REPORT
A17: STT No | B17: Nội dung Indicator | C17: Mã chỉ tiêu Code | D17: Ngày 31 tháng 12 năm 2022 As at 31 December 2022 | E17: Ngày 31 tháng 12 năm 2021 As at 31 December 2021 | F17: %/cùng kỳ năm trước %/against last year | K17: Ngày 30 tháng 04 năm 2018 As at 30 Apr 2018
A18: I | B18: TÀI SẢN ASSETS | C18: 2200 | E18: 0 | K18: 0
A19: I.1 | B19: Tiền và các khoản tương đương tiền Cash and Cash Equivalents | C19: 2201 | D19: 16164663074 | E19: 22891611972 | F19: 70.613913 | K19: 18924296298
B20: Tiền Cash | C20: 2202 | D20: 0 | E20: 0 | F20: 0 | K20: 0
B21: Tiền gửi ngân hàng Cash at Bank | C21: 2203 | D21: 16164663074 | E21: 5656890237 | F21: 285.75175 | K21: 10834088082
B22: Tiền gửi của nhà đầu tư cho hoạt động mua chứng chỉ quỹ Cash at bank for Fund's subscription | C22: 2203.1 | D22: 0 | E22: 4000000 | F22: 0
B23: Tiền phải trả cho Nhà đầu tư về mua lại chứng chỉ quỹ Cash at bank for Fund's redemption | C23: 2203.2 | D23: 0 | E23: 0 | F23: 0
B24: Tiền gửi ngân hàng cho hoạt động của Quỹ Cash at bank for Fund's operation | C24: 2203.3 | D24: 16164663074 | E24: 5652890237 | F24: 291.32132
B25: Các khoản tương đương tiền Cash Equivalents | C25: 2204 | D25: 0 | E25: 17234721735 | F25: 0 | K25: 8090208216
A26: I.2 | B26: Các khoản đầu tư (kê chi tiết) Investments | C26: 2205 | D26: 76447860698 | E26: 92688070600 | F26: 82.478641 | K26: 54380270000
B27: Cổ phiếu niêm yết Listed shares | C27: 2205.01 | D27: 51879766700 | E27: 71084739100 | F27: 72.982988 | K27: 54104270000
B28: Cổ phiếu chưa niêm yết Unlisted shares | C28: 2205.02 | D28: 0 | E28: 0 | F28: 0 | K28: 0
B29: Trái phiếu Bonds | C29: 2205.03 | D29: 0 | E29: 7000000000 | F29: 0 | K29: 0
B30: Hợp đồng tiền gửi có kỳ hạn quá ba (03) tháng Deposit with term over three (03) months | C30: 2205.04 | D30: 17568093998 | E30: 14603331500 | F30: 120.30196 | K30: 0
B31: Chứng chỉ tiền gửi ghi danh Registered Deposit Certificate | C31: 2205.05 | D31: 7000000000 | E31: 0 | F31: 0 | K31: 0
B32: Quyền mua chứng khoán Investments - Rights | C32: 2205.06 | D32: 0 | E32: 0 | F32: 0 | K32: 276000000
A33: I.3 | B33: Cổ tức, trái tức được nhận Dividend, Coupon Receivables | C33: 2206 | D33: 204000000 | E33: 379096197 | F33: 53.812199 | K33: 182000000
B34: Cổ tức được nhận Dividend receivables | C34: 2206.1 | D34: 204000000 | E34: 81068800 | F34: 251.63811
B35: Trái tức được nhận Coupon Receivables | C35: 2206.2 | D35: 0 | E35: 298027397 | F35: 0
A36: I.4 | B36: Lãi được nhận Interest Receivables | C36: 2207 | D36: 356064818 | E36: 283391640 | F36: 125.64408 | K36: 31954902
B37: Phải thu lãi tiền gửi có kỳ hạn Interest receivable from term deposit | C37: 2207.1 | D37: 229489476 | E37: 283391640 | F37: 80.979621 | K37: 31954902
B38: Phải thu lãi chứng chỉ tiền gửi ghi danh Interest receivable from registered Deposit Certificate | C38: 2207.2 | D38: 126575342 | E38: 0 | F38: 0 | K38: 0
A39: I.5 | B39: Tiền bán chứng khoán chờ thu Securities Trading Receivables | C39: 2208 | D39: 804791000 | E39: 2501342350 | F39: 32.174364 | K39: 838678093
A40: I.6 | B40: Các khoản phải thu khác Other Receivables | C40: 2210 | D40: 0 | E40: 0 | F40: 0 | K40: 0
A41: I.7 | B41: Các tài sản khác Other Assets | C41: 2211 | D41: 0 | E41: 0 | F41: 0 | H41: checking | K41: 0
A42: I.8 | B42: TỔNG TÀI SẢN TOTAL ASSETS | C42: 2212 | D42: 93977379590 | E42: 118743512759 | F42: 79.14317 | H42: 77161857907 | I42: 76787550493 | K42: 74357199293
A43: II | B43: Nợ Liability | C43: 2213 | D43: 0 | E43: 0 | F43: 0 | H43: 0 | I43: 0 | K43: 0
A44: II.1 | B44: Tiền phải thanh toán mua chứng khoán Securities Trading Payables | C44: 2214 | D44: 741110 | E44: 649873350 | F44: 0.11403914 | K44: 830644100
A45: II.2 | B45: Các khoản phải trả khác Other Payables | C45: 2215 | D45: 16446667602 | E45: 872913544 | F45: 1884.1119 | K45: 171396702
B46: Phải trả cho Nhà đầu tư về mua lại Chứng chỉ quỹ Net Redemption Payables | C46: 2215.01 | D46: 16192576580 | E46: 617248553 | F46: 2623.3478 | K46: 0
B47: Phải trả cho Nhà đầu tư về mua Chứng chỉ quỹ Subscription Suspense Payable | C47: 2215.02 | D47: 0 | E47: 4000000 | F47: 0 | K47: 0
B48: Thuế và các khoản phải nộp Nhà nước Taxes Payables | C48: 2215.03 | D48: 687346 | E48: 1270463 | F48: 54.102008 | K48: 0
B49: Phải trả phí phát hành, mua lại chứng chỉ quỹ cho Đại lý phân phối và Công ty quản lý quỹ Subscription and Redemption fee payable to distributors and Fund Management Company | C49: 2215.04 | D49: 1183070 | E49: 10308570 | F49: 11.476568 | K49: 250000
B50: Phải trả thu nhập cho nhà đầu tư Income payable to investors | C50: 2215.05 | D50: 407334 | E50: 407334 | F50: 100 | K50: 0
B51: Phải trả thù lao ban đại diện quỹ Remuneration Payable to Fund's Board of Representatives | C51: 2215.06 | D51: 16200000 | E51: 16200000 | F51: 100 | K51: 6000000
B52: Phải trả công ty quản lý quỹ Management fee payable | C52: 2215.07 | D52: 95371250 | E52: 89532424 | F52: 106.52147 | K52: 56533209
B53: Phải trả phí lưu ký - bảo quản tài sản Custodian fee payable | C53: 2215.08 | D53: 20000000 | E53: 20000000 | F53: 100 | K53: 10750000
B54: Phải trả phí quản trị quỹ Fund Administration fee payable | C54: 2215.09 | D54: 16500000 | E54: 16500000 | F54: 100 | K54: 11180000
B55: Phải trả phí giám sát Supervisory service fee payable | C55: 2215.10 | D55: 5500000 | E55: 5500000 | F55: 100 | K55: 19565000
B56: Phải trả phí giao dịch chứng khoán Custodian service - Transaction fee Payables | C56: 2215.11 | D56: 242022 | E56: 946200 | F56: 25.578313 | K56: 13050000
B57: Phải trả phí dịch vụ đại lý chuyển nhượng Transfer Agency fee payable | C57: 2215.12 | D57: 11000000 | E57: 11000000 | F57: 100 | K57: 11000000
... B64: Phải trả phí thường niên Annual Fee Payables | C64: 2215.19 | D64: 0 | E64: 0 | F64: 0 | K64: 3287671
B65: Phải trả khác Other payable | C65: 2215.20 | D65: 0 | E65: 0 | F65: 0 | H65: 190555733 | I65: 293612600 | K65: 0
A66: II.3 | B66: TỔNG NỢ TOTAL LIABILITIES | C66: 2216 | D66: 16447408712 | E66: 1522786894 | F66: 1080.086 | H66: 0 | I66: 0 | K66: 1002040802
B67: Tài sản ròng của Quỹ ( = I.8 - II.3) Net Asset Value ( = I.8 - II.3) | C67: 2217 | D67: 77529970878 | E67: 117220725865 | F67: 66.140156 | H67: 76971302174 | I67: 76493937893 | K67: 73355158491
B68: Tổng số chứng chỉ quỹ đang lưu hành Total Outstanding Fund Certificates | C68: 2218 | D68: 5737082.6 | E68: 7071151.8 | F68: 81.133637 | H68: 0 | I68: 0 | K68: 6359254.6
B69: Giá trị tài sản ròng trên một đơn vị quỹ Net Asset Value per Fund Certificate | C69: 2219 | D69: 13513.83 | E69: 16577.32 | F69: 81.520042 | H69: 12110.62 | I69: 12035.51 | K69: 11535.18
H70: 0 | I70: 0
A72: Đại diện có thẩm quyền của Ngân hàng giám sát | D72: Đại diện có thẩm quyền của Công ty quản lý Quỹ
A73: Authorised Representative of Supervisory Bank | D73: Authorised Representative of Fund Management Company
A83: Ngân hàng TMCP Đầu tư và Phát triển Việt Nam CN Nam Kỳ Khởi Nghĩa | D83: Công ty CP Quản lý Quỹ Đầu tư chứng khoán Bản Việt
A84: Hoàng Văn Sơn | D84: Trương Thị Thanh Ngọc
A85: Phó Giám Đốc | D85: Giám đốc quỹ

Sheet BCKetQuaHoatDong_06028
A1: Phụ lục XXVI. Mẫu báo cáo về hoạt động của Quỹ Appendix XXVI. Report on Fund's Operation
A2: (Ban hành kèm theo Thông tư số 98/2020/TT-BTC ngày 16 tháng 11 năm 2020 của Bộ trưởng Bộ Tài Chính về hướng dẫn hoạt động và quản lý quỹ đầu tư chứng khoán (Issued in association with Circular 98/2020/TT-BTC dated 16 November 2020 of the Minister of Finance on guiding the operation and management of the securities investment funds
A3: BÁO CÁO HOẠT ĐỘNG ĐẦU TƯ CỦA QuỸ MỞ REPORT ON FUND'S INVESTMENT ACTIVITIES
A5: =BCThuNhap_06203!A5 -> Năm 2022/ Year 2022
A7: Tên Quỹ: | C7: Quỹ Đầu tư cân bằng Bản Việt
A8: Fund name: | C8: Viet Capital Balanced Fund (VCAMBF)
A9: Tên Công ty quản lý quỹ: | C9: Công ty Cổ phần Quản lý Quỹ Đầu tư chứng khoán Bản Việt
A10: Fund Management Company: | C10: Viet Capital Asset Management Joint Stock Company
A11: Tên ngân hàng giám sát: | C11: Ngân hàng TMCP Đầu tư và Phát triển Việt Nam Chi nhánh Nam Kỳ Khởi Nghĩa
A12: Supervising bank: | C12: Bank for Investment and Development of VietNam JSC - Nam Ky Khoi Nghia Branch
A13: Ngày lập báo cáo: | C13: =BCThuNhap_06203!B13 -> Ngày 30 tháng 01 năm 2023
A14: Reporting Date: | C14: =BCThuNhap_06203!B14 -> 44956
A15: A. | B15: BÁO CÁO CHUNG VỀ HOẠT ĐỘNG ĐẦU TƯ CỦA QUỸ/GENERAL INFORMATION ON FUND'S INVESTMENT ACTIVITIES
A16: II | B16: BÁO CÁO KẾT QUẢ HOẠT ĐỘNG / PROFIT AND LOSS REPORT
A17: STT No | B17: Chỉ tiêu Indicator | C17: Mã chỉ tiêu Code | D17: Năm 2022 Year 2022 | E17: Năm 2021 Year 2021 | F17: Lũy kế từ đầu năm Accumulated from beginning of year
A18: I | B18: Thu nhập từ hoạt động đầu tư Income from Investment Activities | C18: 2220 | D18: 3347796601 | E18: 2818333623 | F18: 3347796601 | P18: 2220
A19: 1 | B19: Cổ tức, trái tức được nhận Dividend, Coupon received | C19: 2221 | D19: 1754103945 | E19: 1744027794 | F19: 1754103945 | P19: 2221
B20: Cổ tức được nhận Dividend received | C20: 2221.1 | D20: 1209829972 | E20: 1404720528 | F20: 1209829972
B21: Trái tức được nhận Coupon received | C21: 2221.2 | D21: 544273973 | E21: 339307266 | F21: 544273973
A22: 2 | B22: Lãi được nhận Income from Interest | C22: 2222 | D22: 1593692656 | E22: 1074305829 | F22: 1593692656 | P22: 2222
A23: 3 | B23: Các khoản thu nhập khác Other income | C23: 2223 | D23: 0 | E23: 0 | F23: 0 | P23: 2223
A24: II | B24: Chi phí Expense | C24: 2224 | D24: 2370653181 | E24: 2166107705 | F24: 2370653181 | P24: 2224
A25: 1 | B25: Chi phí quản lý trả cho Công ty quản lý quỹ Management Fee paid to Fund Management Company | C25: 2225 | D25: 1161009255 | E25: 906572973 | F25: 1161009255 | P25: 2225
A26: 2 | B26: Chi phí lưu ký, giám sát trả cho Ngân hàng Giám sát/VSD Custody fee, Supervising fee paid to Supervising Bank/VSD | C26: 2226 | D26: 370506991 | E26: 383043180 | F26: 370506991 | P26: 2226
B27: Phí dịch vụ lưu ký - bảo quản tài sản Custodian service - Custody Fee | C27: 2226.1 | D27: 240000000 | E27: 240000000 | F27: 240000000 | P27: 2226.1
B28: Phí dịch vụ lưu ký - giao dịch chứng khoán Custodian service - Transaction fee | C28: 2226.2 | D28: 58731589 | E28: 71348450 | F28: 58731589 | P28: 2226.2
B29: Phí dịch vụ lưu ký tại VSD Custodian fee at VSD | C29: 2226.3 | D29: 5775402 | E29: 5694730 | F29: 5775402 | P29: 2226.3
B30: Phí giám sát Supervisory fee | C30: 2226.4 | D30: 66000000 | E30: 66000000 | F30: 66000000 | P30: 2226.4
A31: 3 | B31: Chi phí dịch vụ quản trị quỹ, chi phí dịch vụ đại lý chuyển nhượng và các chi phí khác mà công ty quản lý quỹ trả cho tổ chức cung cấp dịch vụ có liên quan Fund Administration Fee, Transfer Agency Fee, and other fee paid to relevant Fund's service providers | C31: 2227 | D31: 330000000 | E31: 331100000 | F31: 330000000 | P31: 2227
B32: Chi phí dịch vụ quản trị Quỹ Fund Administration Fee | C32: 2227.1 | D32: 198000000 | E32: 198000000 | F32: 198000000 | P32: 2227.1
B33: Chi phí dịch vụ Đại lý Chuyển nhượng Transfer Agency Fee | C33: 2227.2 | D33: 132000000 | E33: 133100000 | F33: 132000000 | P33: 2227.2
A34: 4 | B34: Chi phí kiểm toán trả cho tổ chức kiểm toán Audit fee | C34: 2228 | D34: 147000000 | E34: 135000000 | F34: 147000000 | P34: 2228
A35: 5 | B35: Chi phí dịch vụ tư vấn pháp lý, dịch vụ báo giá và các dịch vụ hợp lý khác, thù lao trả cho ban đại diện quỹ Legal consultancy expenses, price quotation fee, other valid expenses, remuneration payable to fund representative board | C35: 2229 | D35: 72000000 | E35: 72000000 | F35: 72000000 | P35: 2229
B36: Thù lao ban đại diện Quỹ Remuneration of Fund's Board of Representatives | C36: 2229.1 | D36: 72000000 | E36: 72000000 | F36: 72000000 | P36: 2229.1
B37: Chi phí cung cấp báo giá chứng khoán Price feed fee Expenses | C37: 2229.2 | D37: 0 | E37: 0 | F37: 0 | P37: 2229.2
A38: 6 | B38: Chi phí dự thảo, in ấn, gửi bản cáo bạch, bản cáo bạch tóm tắt, báo cáo tài chính, xác nhận giao dịch, sao kê tài khoản và các tài liệu khác cho nhà đầu tư; chi phí công bố thông tin của quỹ; chi phí tổ chức họp đại hội nhà đầu tư, ban đại diện quỹ Fee for drafting, printing, distribution of prospectus, summarised propectus, financial statements, transaction confirmations, account statements and other documents to investors; information disclosure fee; fee for organising annual general meeting, board of representatives meeting | C38: 2230 | D38: 0 | E38: 0 | F38: 0 | P38: 2230
B39: Chi phí họp Đại hội Quỹ Meeting expense | C39: 2230.1 | D39: 0 | E39: 0 | F39: 0 | P39: 2230.1
B40: Phí báo cáo thường niên Annual report expense | C40: 2230.2 | D40: 0 | E40: 0 | F40: 0 | P40: 2230.2
B41: Chi phí họp, công tác của ban đại diện Fund's Board of Representatives meeting, travelling expense | C41: 2230.3 | D41: 0 | E41: 0 | F41: 0 | P41: 2230.3
B42: Chi phí công bố thông tin của Quỹ Expenses for information disclosure of the Fund | C42: 2230.4 | D42: 0 | E42: 0 | F42: 0 | P42: 2230.4
A43: 7 | B43: Chi phí liên quan đến thực hiện các giao dịch tài sản của quỹ Expenses related to execution of fund’s asset transactions | C43: 2231 | D43: 272536710 | E43: 324576718 | F43: 272536710 | P43: 2231
B44: Chi phí môi giới Brokerage fee expense | C44: 2231.1 | D44: 272536710 | E44: 324576718 | F44: 272536710 | P44: 2231.1
B45: Chi phí thanh toán bù trừ Clearing settlement fee | C45: 2231.2 | D45: 0 | E45: 0 | F45: 0 | P45: 2231.2
A46: 8 | B46: Các loại chi phí khác Other expenses | C46: 2232 | D46: 17600225 | E46: 13814834 | F46: 17600225 | P46: 2232
B47: Chi phí thiết lập Quỹ Set up Expenses | C47: 2232.1 | D47: 0 | E47: 0 | F47: 0 | P47: 2232.1
B48: Phí niêm yết Listing fee expenses | C48: 2232.2 | D48: 0 | E48: 0 | F48: 0 | P48: 2232.2
B49: Phí quản lý thường niên Annual fee Expenses | C49: 2232.3 | D49: 7500000 | E49: 5000000 | F49: 7500000 | P49: 2232.3
B50: Phí ngân hàng Bank charges | C50: 2232.4 | D50: 10100225 | E50: 8814834 | F50: 10100225 | P50: 2232.4
B51: Phí thực hiện quyền trả cho VSD Payables to VSD for getting the list of investors | C51: 2232.5 | D51: 0 | E51: 0 | F51: 0
B52: Chi phí khác Other Expenses | C52: 2232.6 | D52: 0 | E52: 0 | F52: 0 | P52: 2232.5
A53: III | B53: Thu nhập ròng từ hoạt động đầu tư ( = I - II) Net Income from Investment Activities ( = I - II) | C53: 2233 | D53: 977143420 | E53: 652225918 | F53: 977143420 | P53: 2233
A54: IV | B54: Lãi (lỗ) từ hoạt động đầu tư Gain / (Loss) from Investment Activities | C54: 2234 | D54: -22441403600 | E54: 27496870800 | F54: -22441403600 | P54: 2234
A55: 1 | B55: Lãi (lỗ) thực tế phát sinh từ hoạt động đầu tư Realised Gain / (Loss) from disposal of investment | C55: 2235 | D55: 2118817045 | E55: 16082336009 | F55: 2118817045 | P55: 2235
A56: 2 | B56: Thay đổi về giá trị của các khoản đầu tư trong kỳ Unrealised Gain / (Loss) due to market price | C56: 2236 | D56: -24560220645 | E56: 11414534791 | F56: -24560220645 | G56: checking | P56: 2236
A57: V | B57: Thay đổi của giá trị tài sản ròng của Quỹ do các hoạt động đầu tư trong kỳ (III + IV) Change of Net Asset Value of the Fund due to investment activities during the period ( = III + IV) | C57: 2237 | D57: -21464260180 | E57: 28149096718 | F57: -21464260180 | G57: 477364281 | K57: SUB | L57: REDEMPTION | P57: 2237
A58: VI | B58: Giá trị tài sản ròng đầu kỳ Net Asset Value at the beginning of period | C58: 2238 | D58: 117220725865 | E58: 83573284315 | F58: 117220725865 | G58: 0 | J58: Tháng 1 | K58: 0 | L58: 0 | P58: 2238
A59: VII | B59: Thay đổi giá trị tài sản ròng của Quỹ trong kỳ Change of Net Asset Value of the Fund during the period | C59: 2239 | D59: -39690754987 | E59: 33647441550 | F59: -39690754987 | J59: Tháng 2 | P59: 2239
B60: Trong đó: Of which: | C60: 2240 | D60: 0 | E60: 0 | F60: 0 | J60: Tháng 3 | K60: 49750000 | L60: 0 | P60: 2240
A61: 1 | B61: Thay đổi giá trị tài sản ròng của Quỹ do các hoạt động liên quan đến đầu tư của Quỹ trong kỳ Change of Net Asset Value due to investment related activities during the period | C61: 2241 | D61: -21464260180 | E61: 28149096718 | F61: -21464260180 | J61: Tháng 4 | K61: 0 | L61: 0 | P61: 2239.1
A62: 2 | B62: Thay đổi giá trị tài sản ròng của Quỹ do việc phân phối thu nhập của Quỹ cho các nhà đầu tư trong kỳ Change of Net Asset Value due to profit distribution to investors during the period | C62: 2242 | D62: 0 | E62: -3349604890 | F62: 0 | J62: Tháng 5 | P62: 2239.2
A63: 3 | B63: Thay đổi giá trị tài sản ròng do phát hành thêm/mua lại chứng chỉ quỹ Change of Net Asset Value due to subscription/redemption during the period | C63: 2239.1 | D63: -18226494807 | E63: 8847949722 | F63: -18226494807
B64: Thay đổi GTTSR do phát hành thêm Chứng chỉ Quỹ Change of Net Asset Value due to subscription during the period | C64: 2239.11 | D64: 1588839857 | E64: 26301224524 | F64: 1588839857 | J64: Tháng 6 | P64: 2239.3
B65: Thay đổi GTTSR do mua lại Chứng chỉ Quỹ Change of Net Asset Value due to redemption during the period | C65: 2239.22 | D65: -19815334664 | E65: -17453274802 | F65: -19815334664 | J65: Tháng 7 | P65: 2239.4
A66: VIII | B66: Giá trị tài sản ròng cuối kỳ Net Asset Value at the end of period | C66: 2243 | D66: 77529970878 | E66: 117220725865 | F66: 77529970878 | G66: 76971302174 | H66: 76493937893 | J66: Tháng 8 | P66: 2243
A67: IX | B67: Lợi nhuận bình quân năm | C67: 2244 | D67: =D61 -> -21464260180 | E67: 28149096718
B68: Tỷ suất lợi nhuận bình quân năm | C68: 2255 | D68: =+D67/Khac_06030!F18 -> -0.20459927 | E68: 0.27892998
A69: Đại diện có thẩm quyền của Ngân hàng giám sát | D69: Đại diện có thẩm quyền của Công ty quản lý Quỹ | G69: 0 | J69: Tháng 11
A70: Authorised Representative of Supervisory Bank | D70: Authorised Representative of Fund Management Company | J70: Tháng 12
J71: Total | K71: 49750000 | L71: 0
A81: NH TMCP Đầu tư và Phát triển Việt Nam CN Nam Kỳ Khởi Nghĩa | D81: Công ty CP Quản lý Quỹ Đầu tư chứng khoán Bản Việt
A82: Hoàng Văn Sơn | D82: Trương Thị Thanh Ngọc
A83: Phó giám đốc chi nhánh | D83: Giám đốc quỹ

Sheet BCDanhMucDauTu_06029
A1: Phụ lục XXVI. Mẫu báo cáo về hoạt động của Quỹ Appendix XXVI. Report on Fund's Operation
A2: (Ban hành kèm theo Thông tư số 98/2020/TT-BTC ngày 16 tháng 11 năm 2020 của Bộ trưởng Bộ Tài Chính về hướng dẫn hoạt động và quản lý quỹ đầu tư chứng khoán (Issued in association with Circular 98/2020/TT-BTC dated 16 November 2020 of the Minister of Finance on guiding the operation and management of the securities investment funds)
A3: BÁO CÁO HOẠT ĐỘNG ĐẦU TƯ CỦA QUỸ MỞ REPORT ON FUND'S INVESTMENT ACTIVITIES
A5: =BCTinhHinhTaiChinh_06105!A5 -> Tại 31 tháng 12 năm 2022/As at 31 December 2022
A7: Tên Quỹ: | C7: Quỹ Đầu tư cân bằng Bản Việt
A8: Fund name: | C8: Viet Capital Balanced Fund (VCAMBF)
A9: Tên Công ty quản lý quỹ: | C9: Công ty Cổ phần Quản lý Quỹ Đầu tư chứng khoán Bản Việt
A10: Fund Management Company: | C10: Viet Capital Asset Management Joint Stock Company
A11: Tên ngân hàng giám sát: | C11: Ngân hàng TMCP Đầu tư và Phát triển Việt Nam Chi nhánh Nam Kỳ Khởi Nghĩa
A12: Supervising bank: | C12: Bank for Investment and Development of VietNam JSC - Nam Ky Khoi Nghia Branch
A13: Ngày lập báo cáo: | C13: =BCThuNhap_06203!B13 -> Ngày 30 tháng 01 năm 2023
A14: Reporting Date: | C14: =BCThuNhap_06203!B14 -> 44956
A15: A. | B15: BÁO CÁO CHUNG VỀ HOẠT ĐỘNG ĐẦU TƯ CỦA QUỸ/GENERAL INFORMATION ON FUND'S INVESTMENT ACTIVITIES
A16: III | B16: BÁO CÁO VỀ TÌNH HÌNH DANH MỤC ĐẦU TƯ CỦA QUỸ / INVESTMENT PORTFOLIO REPORT
A17: STT/No. | B17: Loại Category | C17: Mã chỉ tiêu Code | D17: Số Lượng Quantity | E17: Giá thị trường hoặc giá trị hợp lý tại ngày báo cáo Market price | F17: Tổng giá trị (Đồng) Value (VND) | G17: Tỷ lệ % Tổng giá trị tài sản của Quỹ % of total asset
A18: I | B18: CỔ PHIẾU NIÊM YẾT LISTED EQUITY | C18: 2246
A19: 1 | B19: ADS | C19: 2246.1 | D19: 63250 | E19: 9410 | F19: 595182500 | G19: 0.0063332528
A20: 2 | B20: BMI | C20: 2246.2 | D20: 90000 | E20: 21500 | F20: 1935000000 | G20: 0.020590061
A21: 3 | B21: BSR | C21: 2246.3 | D21: 50100 | E21: 13300 | F21: 6.6633e+08 | G21: 0.0070903233
A22: 4 | B22: BVH | C22: 2246.4 | D22: 48000 | E22: 46600 | F22: 2236800000 | G22: 0.023801472
A23: 5 | B23: CTG | C23: 2246.5 | D23: 170336 | E23: 27250 | F23: 4641656000 | G23: 0.049391205
A24: 6 | B24: DGC | C24: 2246.6 | D24: 25000 | E24: 58900 | F24: 1472500000 | G24: 0.015668664
A25: 7 | B25: FPT | C25: 2246.7 | D25: 141114 | E25: 76900 | F25: 1.0851667e+10 | G25: 0.11547105
A26: 8 | B26: GMD | C26: 2246.8 | D26: 35000 | E26: 45400 | F26: 1589000000 | G26: 0.016908324
A27: 9 | B27: HCM | C27: 2246.9 | D27: 65000 | E27: 20000 | F27: 1300000000 | G27: 0.013833116
A28: 10 | B28: HPG | C28: 2246.10 | D28: 230000 | E28: 18000 | F28: 4140000000 | G28: 0.044053154
A29: 11 | B29: ILB | C29: 2246.11 | D29: 40000 | E29: 24950 | F29: 998000000 | G29: 0.010619577
A30: 12 | B30: MBB | C30: 2246.12 | D30: 208296 | E30: 17100 | F30: 3561861600 | G30: 0.037901265
A31: 13 | B31: MML | C31: 2246.13 | D31: 13000 | E31: 36300 | F31: 471900000 | G31: 0.0050214211
A32: 14 | B32: NAF | C32: 2246.14 | D32: 150000 | E32: 9500 | F32: 1425000000 | G32: 0.015163223
A33: 15 | B33: PC1 | C33: 2246.15 | D33: 84500 | E33: 20200 | F33: 1706900000 | G33: 0.018162881
A34: 16 | B34: PHR | C34: 2246.16 | D34: 30000 | E34: 39400 | F34: 1182000000 | G34: 0.012577495
A35: 17 | B35: STB | C35: 2246.17 | D35: 140000 | E35: 22500 | F35: 3150000000 | G35: 0.033518704
A36: 18 | B36: STK | C36: 2246.18 | D36: 39600 | E36: 27500 | F36: 1089000000 | G36: 0.011587895
A37: 19 | B37: VAB | C37: 2246.19 | D37: 175200 | E37: 8600 | F37: 1506720000 | G37: 0.016032794
A38: 20 | B38: VNM | C38: 2246.20 | D38: 35000 | E38: 76100 | F38: 2663500000 | G38: 0.028341927
A39: 21 | B39: VPB | C39: 2246.21 | D39: 137500 | E39: 17900 | F39: 2.46125e+09 | G39: 0.026189813
A40: 22 | B40: VRE | C40: 2246.22 | D40: 85000 | E40: 26300 | F40: 2235500000 | G40: 0.023787639
B41: TỔNG TOTAL | C41: 2247 | D41: 2055896 | F41: 51879766700 | G41: 0.55204526
A42: II | B42: CỔ PHIẾU CHƯA NIÊM YẾT UNLISTED EQUITY | C42: 2248
B43: TỔNG TOTAL | C43: 2249 | D43: 0 | F43: 0
B44: TỔNG CÁC LOẠI CỔ PHIẾU TOTAL | C44: 2250 | D44: =D41 -> 2055896 | F44: =F41 -> 51879766700 | G44: =+F44/$F$66 -> 0.55204526
A45: III | B45: TRÁI PHIẾU BONDS | C45: 2251
B46: TỔNG TOTAL | C46: 2252 | D46: 0 | F46: 0 | G46: 0
A47: IV | B47: CÁC LOẠI CHỨNG KHOÁN KHÁC OTHER SECURITIES | C47: 2253
A48: 1 | B48: Quyền mua Rights | C48: 2253.1
B49: TỔNG TOTAL | C49: 2254 | D49: 0 | F49: 0 | G49: 0
B50: TỔNG CÁC LOẠI CHỨNG KHOÁN SECURITIES INVESTMENT TOTAL | C50: 2255 | D50: =+D44 -> 2055896 | F50: =+F44 -> 51879766700 | G50: =+F50/$F$66 -> 0.55204526
A51: V | B51: CÁC TÀI SẢN KHÁC OTHER ASSETS | C51: 2256 | D51: 0 | E51: 0
A52: 1 | B52: Cổ tức được nhận Dividend receivables | C52: 2256.1 | D52: 0 | E52: 0 | F52: 204000000 | G52: 0.0021707351
A53: 2 | B53: Lãi trái phiếu được nhận Coupon receivables | C53: 2256.2 | D53: 0 | E53: 0 | F53: 0 | G53: =+F53/$F$66 -> 0
A54: 3 | B54: Lãi tiền gửi được nhận Interest receivables from deposits | C54: 2256.3 | D54: 0 | E54: 0 | F54: 356064818 | G54: 0.0037888354
A55: 4 | B55: Phải thu lãi chứng chỉ tiền gửi ghi danh Interest receivable from registered Deposit Certificate | C55: 2256.4 | D55: 0 | E55: 0 | F55: 0 | G55: =+F55/$F$66 -> 0 | I55: Tach lai CD va TD
A56: 5 | B56: Tiền bán chứng khoán chờ thu Outstanding Settlement of sales transactions | C56: 2256.5 | D56: 0 | E56: 0 | F56: 804791000 | G56: =+F56/$F$66 -> 0.0085636672
A57: 6 | B57: Phải thu khác Other receivables | C57: 2256.6 | D57: 0 | E57: 0 | F57: 0 | G57: 0
A58: 7 | B58: Tài sản khác Other investments | C58: 2256.7 | D58: 0 | E58: 0 | G58: 0
B59: TỔNG TOTAL | C59: 2257 | D59: 0 | E59: 0 | F59: =SUM(F52:F58) -> 1364855818 | G59: =+F59/$F$66 -> 0.014523238
A60: VI | B60: TIỀN CASH | C60: 2258 | D60: 0 | E60: 0
A61: 1 | B61: Tiền, tương đương tiền Cash, Cash Equivalents | C61: 2259 | D61: 0 | E61: 0 | F61: 16164663074 | G61: =+F61/$F$66 -> 0.17200589
A62: 2 | B62: Tiền gửi ngân hàng có kỳ hạn trên 03 tháng Deposits with term over three (03) months | C62: 2260 | F62: 17568093998 | G62: =+F62/$F$66 -> 0.1869396
A63: 3 | B63: Chứng chỉ tiền gửi Certificate of deposit | C63: 2261 | D63: 0 | E63: 0 | F63: 7000000000 | G63: =+F63/$F$66 -> 0.07448601
A64: 4 | B64: Công cụ chuyển nhượng… Registered certificate of deposit | C64: 2262 | D64: 0 | E64: 0 | G64: 0
B65: TỔNG TOTAL | C65: 2263 | F65: =SUM(F61:F64) -> 40732757072 | G65: =+F65/$F$66 -> 0.43343151
A66: VII | B66: Tổng giá trị danh mục Total value of portfolio | C66: 2264 | F66: =+F65+F59+F50 -> 93977379590 | G66: =+G65+G59+G50 -> 1 | I66: checking
I67: 77161857907
I68: 0
A69: Đại diện có thẩm quyền của Ngân hàng giám sát | E69: Đại diện có thẩm quyền của Công ty quản lý Quỹ
A70: Authorised Representative of Supervisory Bank | E70: Authorised Representative of Fund Management Company
A82: NH TMCP Đầu tư và Phát triển Việt Nam CN Nam Kỳ Khởi Nghĩa | E82: Công ty CP Quản lý Quỹ Đầu tư chứng khoán Bản Việt
A83: Hoàng Văn Sơn | E83: Trương Thị Thanh Ngọc
A84: Phó giám đốc chi nhánh | E84: Giám đốc quỹ

Sheet BCHoatDongVay_06026
A1: Phụ lục XXVI. Mẫu báo cáo về hoạt động của Quỹ Appendix XXVI. Report on Fund's Operation
A2: (Ban hành kèm theo Thông tư số 98/2020/TT-BTC ngày 16 tháng 11 năm 2020 của Bộ trưởng Bộ Tài Chính về hướng dẫn hoạt động và quản lý quỹ đầu tư chứng khoán (Issued in association with Circular 98/2020/TT-BTC dated 16 November 2020 of the Minister of Finance on guiding the operation and management of the securities investment funds)
A3: BÁO CÁO HOẠT ĐỘNG ĐẦU TƯ CỦA QUỸ MỞ REPORT ON FUND'S INVESTMENT ACTIVITIES
A4: =BCThuNhap_06203!A5 -> Năm 2022/ Year 2022
A6: Tên Quỹ: | G6: Quỹ Đầu tư cân bằng Bản Việt
A7: Fund name: | G7: Viet Capital Balanced Fund (VCAMBF)
A8: Tên Công ty quản lý quỹ: | G8: Công ty Cổ phần Quản lý Quỹ Đầu tư chứng khoán Bản Việt
A9: Fund Management Company: | G9: Viet Capital Asset Management Joint Stock Company
A10: Tên ngân hàng giám sát: | G10: Ngân hàng TMCP Đầu tư và Phát triển Việt Nam Chi nhánh Nam Kỳ Khởi Nghĩa
A11: Supervising bank: | G11: Bank for Investment and Development of VietNam JSC - Nam Ky Khoi Nghia Branch
A12: Ngày lập báo cáo: | G12: =BCThuNhap_06203!B13 -> Ngày 30 tháng 01 năm 2023
A13: Reporting Date: | G13: =BCThuNhap_06203!B14 -> 44956
A14: A. | B14: BÁO CÁO CHUNG VỀ HOẠT ĐỘNG ĐẦU TƯ CỦA QUỸ/GENERAL INFORMATION ON FUND'S INVESTMENT ACTIVITIES
A15: IV | B15: BÁO CÁO HOẠT ĐỘNG VAY, GIAO DỊCH MUA BÁN LẠI / REPORT ON BORROWING OPERATION, REPO/REVERSE REPO TRANSACTIONS
A16: STT No. | B16: Nội dung hoạt động (nêu chi tiết theo mục tiêu và đối tác) Description | C16: Mã chỉ tiêu Code | D16: Đối tác Counterparty | E16: Mục tiêu/Tài sản đảm bảo Collateral | F16: Kỳ hạn Term | G16: Giá trị khoản vay hoặc khoản cho vay Amount | H16: Thời điểm giao dịch As at transaction date | J16: Thời điểm báo cáo As at reporting date
H17: Ngày tháng năm Date | I17: Tỷ lệ giá trị hợp đồng/giá trị tài sản ròng của quỹ Balance/NAV | J17: Ngày tháng năm Date | K17: Tỷ lệ giá trị hợp đồng/giá trị tài sản ròng của quỹ Balance/NAV
A18: 1 | B18: Các khoản vay tiền (nêu chi tiết từng hợp đồng) Borrowings (detail by each contract) | C18: 2287
A19: I | B19: Tổng giá trị các khoản vay tiền/giá trị tài sản ròng Borrowings/NAV | C19: 2288
A20: 2 | B20: Hợp đồng Repo (nêu chi tiết từng hợp đồng) Repo contract (detail by each contract) | C20: 2289
A21: II | B21: Tổng giá trị các hợp đồng Repo/giá trị tài sản ròng Total value of Repo contracts/NAV | C21: 2290
A22: A | B22: Tổng giá trị các khoản vay/giá trị tài sản ròng (=I+II) Total Borrowings, Repo/NAV (=I+II) | C22: 2291
A23: 3 | B23: Cho vay chứng khoán (nêu chi tiết từng hợp đồng) Securities lending (detail by each contract) | C23: 2292
A24: III | B24: Tổng giá trị các hợp đồng/giá trị tài sản ròng Total contract value/NAV | C24: 2293
A25: 4 | B25: Hợp đồng Reverse Repo (nêu chi tiết từng hợp đồng) Reverse Repo contract (Detail by each contract) | C25: 2295
A26: IV | B26: Tổng giá trị các hợp đồng/giá trị tài sản ròng Total contract value/NAV | C26: 2296
A27: B | B27: Tổng giá trị các khoản cho vay/giá trị tài sản ròng (=III + IV) Total Loans/NAV (=III + IV) | C27: 2297
A30: * Ghi chú: kỳ báo cáo không phát sinh
A32: Đại diện có thẩm quyền của Ngân hàng giám sát | I32: Đại diện có thẩm quyền của Công ty quản lý Quỹ
A33: Authorised Representative of Supervisory Bank | I33: Authorised Representative of Fund Management Company
A44: Ngân hàng TMCP Đầu tư và Phát triển Việt Nam Chi nhánh Nam Kỳ Khởi Nghĩa | I44: Công ty CP Quản lý Quỹ Đầu tư chứng khoán Bản Việt
A45: Hoàng Văn Sơn | I45: Trương Thị Thanh Ngọc
A46: Phó giám đốc chi nhánh | I46: Giám đốc quỹ

Sheet Khac_06030
A1: Phụ lục XXVI. Mẫu báo cáo về hoạt động của Quỹ Appendix XXVI. Report on Fund's Operation
A2: (Ban hành kèm theo Thông tư số 98/2020/TT-BTC ngày 16 tháng 11 năm 2020 của Bộ trưởng Bộ Tài Chính về hướng dẫn hoạt động và quản lý quỹ đầu tư chứng khoán (Issued in association with Circular 98/2020/TT-BTC dated 16 November 2020 of the Minister of Finance on guiding the operation and management of the securities investment funds)
A3: BÁO CÁO HOẠT ĐỘNG ĐẦU TƯ CỦA QUỸ MỞ REPORT ON FUND'S INVESTMENT ACTIVITIES
A5: =BCThuNhap_06203!A5 -> Năm 2022/ Year 2022
A7: Tên Quỹ: | C7: Quỹ Đầu tư cân bằng Bản Việt
A8: Fund name: | C8: Viet Capital Balanced Fund (VCAMBF)
A9: Tên Công ty quản lý quỹ: | C9: Công ty Cổ phần Quản lý Quỹ Đầu tư chứng khoán Bản Việt
A10: Fund Management Company | C10: Viet Capital Asset Management Joint Stock Company
A11: Tên ngân hàng giám sát: | C11: Ngân hàng TMCP Đầu tư và Phát triển Việt Nam Chi nhánh Nam Kỳ Khởi Nghĩa
A12: Supervising bank: | C12: Bank for Investment and Development of VietNam JSC - Nam Ky Khoi Nghia Branch
A13: Ngày lập báo cáo: | C13: =BCThuNhap_06203!B13 -> Ngày 30 tháng 01 năm 2023
A14: Reporting Date: | C14: =BCThuNhap_06203!B14 -> 44956
A15: A. | B15: BÁO CÁO CHUNG VỀ HOẠT ĐỘNG ĐẦU TƯ CỦA QUỸ/GENERAL INFORMATION ON FUND'S INVESTMENT ACTIVITIES
A16: V | B16: MỘT SỐ CHỈ TIÊU KHÁC / OTHER INDICATORS
A17: STT/No. | B17: Chỉ tiêu/Indicators | C17: Mã chỉ tiêu/Code | D17: Năm 2022 Year 2022 | E17: Năm 2021 Year 2021
A18: I | B18: CÁC CHỈ TIÊU VỀ HIỆU QUẢ HOẠT ĐỘNG INVESTMENT PERFORMANCE INDICATORS | C18: 2264 | F18: 1.0490878e+11
A19: 1 | B19: Tỷ lệ giá dịch vụ quản lý quỹ trả cho công ty quản lý quỹ/Giá trị tài sản ròng trung bình trong kỳ (%) Management fee paid to the fund management company/Average NAV (%) | C19: 2265 | D19: =+BCKetQuaHoatDong_06028!D25/Khac_06030!F18 -> 0.011066846 | E19: 0.0089832504
A20: 2 | B20: Tỷ lệ giá dịch vụ lưu ký, giám sát trả cho Ngân hàng Giám sát/Giá trị tài sản ròng trung bình trong kỳ (%) Custody and supervising fees paid to the Supervisory Bank/Average NAV (%) | C20: 2266 | D20: =+BCKetQuaHoatDong_06028!D26/Khac_06030!F18 -> 0.0035317062 | E20: 0.0037955828
A21: 3 | B21: Tỷ lệ chi phí dịch vụ quản trị quỹ, và các chi phí khác mà công ty quản lý quỹ trả cho tổ chức cung cấp dịch vụ có liên quan/Giá trị tài sản ròng của quỹ trung bình trong kỳ (%) Fund admin fee, and other fees paid to relating services providers by the fund management company/Average NAV (%) | C21: 22661 | D21: =+(BCKetQuaHoatDong_06028!D32+BCKetQuaHoatDong_06028!D33)/Khac_06030!F18 -> 0.0031455899 | E21: 0.0032808768
A22: 4 | B22: Chi phí kiểm toán trả cho tổ chức kiểm toán (nếu phát sinh) / Giá trị tài sản ròng trung bình trong kỳ (%) Audit fee expense over average NAV ratio (%) | C22: 2267 | D22: =+BCKetQuaHoatDong_06028!D34/Khac_06030!F18 -> 0.0014012173 | E22: 0.0013377178
A23: 5 | B23: Chi phí dịch vụ tư vấn pháp lý, dịch vụ báo giá và các dịch vụ hợp lý khác, thù lao trả cho ban đại diện quỹ / Giá trị tài sản ròng trung bình trong kỳ (%) Legal consultancy, OTC price quotation and other valid service fees; Board of Representatives' remuneration expense over average NAV ratio (%) | C23: 2268 | D23: =+BCKetQuaHoatDong_06028!D35/Khac_06030!F18 -> 0.00068631053 | E23: 0.00071344949
A24: 6 | B24: Tỷ lệ chi phí /Giá trị tài sản ròng trung bình trong kỳ (%) Expense/Average NAV (%) | C24: 2269 | D24: =+(BCKetQuaHoatDong_06028!D24-BCKetQuaHoatDong_06028!D43)/Khac_06030!F18 -> 0.019999437 | E24: 0.018247769
A25: 7 | B25: Tốc độ vòng quay danh mục trong kỳ (%) = (Tổng giá trị mua vào + tổng giá trị bán ra) x 100%/ (2 x Giá trị tài sản ròng trung bình trong kỳ) Portfolio turnover rate (%) = (Total value of purchase transactions + total value of sales transactions) x 100%/ (2 x Average NAV) (**) | C25: 2270 | D25: =F25/F18 -> 0.93298735 | E25: 1.1345898 | F25: 97878564400
A26: II | B26: CÁC CHỈ TIÊU KHÁC OTHER INDICATORS | C26: 2272
A27: 1 | B27: Quy mô quỹ đầu kỳ (tính theo mệnh giá chứng chỉ quỹ) Fund scale at the beginning of the period (based on par value of fund certificate) | C27: 2273 | D27: 7.0711518e+10 | E27: 6.5129553e+10
B28: Tổng giá trị chứng chỉ quỹ đang lưu hành đầu kỳ Total value of outstanding Fund Certificate at the beginning of period | C28: 2274 | D28: 7.0711518e+10 | E28: 6.5129553e+10
B29: Tổng số lượng đơn vị quỹ đang lưu hành đầu kỳ Total number of outstanding Fund Certificate at the beginning of period | C29: 2275 | D29: 7071151.7 | E29: 6512955.3
A30: 2 | B30: Thay đổi quy mô quỹ trong kỳ (tính theo mệnh giá chứng chỉ quỹ) Change of Fund scale during the period (based on par value of fund certificate) | C30: 2276 | D30: =+D31*10000 -> -13340691900 | E30: 5.5819641e+09
B31: Thay đổi số lượng chứng chỉ quỹ trong kỳ Change of Number of Fund Certificates during the period | C31: 2276.1 | D31: =+D33+D35 -> -1334069.2 | E31: 558196.41
B32: Thay đổi giá trị vốn trong kỳ (theo mệnh giá) Change in capital amount during the period (based on par value) | C32: 2276.2 | D32: =+D34+D36 -> -13340691900 | E32: 5.5819641e+09
B33: Số lượng đơn vị quỹ phát hành thêm trong kỳ Number of Fund Certificates subscribed during the period | C33: 2277 | D33: 103436.25 | E33: 1623477.9
B34: Giá trị vốn huy động thêm trong kỳ (theo mệnh giá) Net subscription amount in period (based on par value) | C34: 2278 | D34: =+D33*10000 -> 1034362500 | E34: 1.6234779e+10
B35: Số lượng đơn vị quỹ mua lại trong kỳ Number of Fund Certificates redeemed during the period | C35: 22781 | D35: =-1437505.44 -> -1437505.4 | E35: -1065281.5
B36: Giá trị vốn phải thanh toán trong kỳ khi đáp ứng lệnh của nhà đầu tư (theo mệnh giá) Net redemption amount in period (based on par value) | C36: 22782 | D36: =+D35*10000 -> -14375054400 | E36: -10652814700
A37: 3 | B37: Quy mô quỹ cuối kỳ (tính theo mệnh giá chứng chỉ quỹ) Fund scale at the end of the period (based on par value of fund unit) | C37: 2279 | D37: 5.7370826e+10 | E37: 7.0711518e+10
B38: Tổng giá trị chứng chỉ quỹ đang lưu hành cuối kỳ Total value of outstanding Fund Certificate at the end of the period | C38: 2280 | D38: 5.7370826e+10 | E38: 7.0711518e+10
B39: Tổng số lượng đơn vị quỹ đang lưu hành cuối kỳ Total number of outstanding Fund Certificate at the end of the period | C39: 2281 | D39: 5737082.6 | E39: 7071151.7
A40: 4 | B40: Tỷ lệ nắm giữ chứng chỉ quỹ của công ty quản lý quỹ và người có liên quan cuối kỳ Fund Management Company and related parties' ownership ratio at the end of the period | C40: 2282 | D40: 0.90790194 | E40: 0.906
A41: 5 | B41: Tỷ lệ nắm giữ chứng chỉ quỹ của 10 nhà đầu tư lớn nhất cuối kỳ Top 10 investors' ownership ratio at the end of the period | C41: 2283 | D41: 0.95397041 | E41: 0.9603
A42: 6 | B42: Tỷ lệ nắm giữ chứng chỉ quỹ của nhà đầu tư nước ngoài cuối kỳ Foreign investors' ownership ratio at the end of the period | C42: 2284 | D42: 0.0017124209 | E42: 0.0013893493
A43: 7 | B43: Giá trị tài sản ròng trên một đơn vị quỹ cuối tháng Net asset value per Fund Certificate at the end of period | C43: 2285 | D43: 13513.83 | E43: 16577.32
A44: 8 | B44: Số nhà đầu tư tham gia vào quỹ, kể cả giao dịch ký danh Number of investors of the Fund at the end of the period | C44: 22841 | D44: 172 | E44: 157
A46: Ghi chú/ Notes:
B47: Các chỉ tiêu từ 1 đến 7 của "Chỉ tiêu về hiệu quả hoạt động" cột kỳ trước đã được điều chỉnh để phản ánh số liệu trên cơ sở hoạt động tròn năm bằng cách nhân các chỉ tiêu này với 12. All Indicators starting from number 1 to 7 of "Investment performance indicators" at last period column are annualized to reflect a rate that is based on a full year operation by multiplying these indicators with 12.
A49: Đại diện có thẩm quyền của Ngân hàng giám sát | D49: Đại diện có thẩm quyền của Công ty quản lý Quỹ
A50: Authorised Representative of Supervisory Bank | D50: Authorised Representative of Fund Management Company
A62: Ngân hàng TMCP Đầu tư và Phát triển Việt Nam Chi nhánh Nam Kỳ Khởi Nghĩa | D62: Công ty CP Quản lý Quỹ Đầu tư chứng khoán Bản Việt
A63: Hoàng Văn Sơn | D63: Trương Thị Thanh Ngọc
A64: Phó giám đốc chi nhánh | D64: Giám đốc quỹ

Sheet Thong ke phi GD
A1: Phụ lục XXVI. Mẫu báo cáo về hoạt động của Quỹ Appendix XXVI. Report on Fund's Operation
A2: (Ban hành kèm theo Thông tư số 98/2020/TT-BTC ngày 16 tháng 11 năm 2020 của Bộ trưởng Bộ Tài Chính về hướng dẫn hoạt động và quản lý quỹ đầu tư chứng khoán (Issued in association with Circular 98/2020/TT-BTC dated 16 November 2020 of the Minister of Finance on guiding the operation and management of the securities investment funds)
A3: BÁO CÁO HOẠT ĐỘNG ĐẦU TƯ CỦA QUỸ MỞ REPORT ON FUND'S INVESTMENT ACTIVITIES
A5: =BCThuNhap_06203!A5 -> Năm 2022/ Year 2022
A7: Tên Quỹ: | C7: Quỹ Đầu tư cân bằng Bản Việt
A8: Fund name: | C8: Viet Capital Balanced Fund (VCAMBF)
A9: Tên Công ty quản lý quỹ: | C9: Công ty Cổ phần Quản lý Quỹ Đầu tư chứng khoán Bản Việt
A10: Fund Management Company: | C10: Viet Capital Asset Management
A11: Tên ngân hàng giám sát: | C11: Ngân hàng TMCP Đầu tư và Phát triển Việt Nam Chi nhánh Nam Kỳ Khởi Nghĩa
A12: Supervising bank: | C12: Bank for Investment and Development of VietNam JSC - Nam Ky Khoi Nghia Branch
A13: Ngày lập báo cáo: | C13: =BCThuNhap_06203!B13 -> Ngày 30 tháng 01 năm 2023
A14: Reporting Date: | C14: =BCThuNhap_06203!B14 -> 44956
A16: A. | B16: BÁO CÁO CHUNG VỀ HOẠT ĐỘNG ĐẦU TƯ CỦA QUỸ/GENERAL INFORMATION ON FUND'S INVESTMENT ACTIVITIES
A17: VI | B17: THỐNG KÊ GIÁ DỊCH VỤ GIAO DỊCH /REPORT ON BROKER FEE
A18: Số thứ tự No. | B18: Tên (mã) các công ty chứng khoán (có giá trị giao dịch vượt quá 5% tổng giá trị giao dịch kỳ báo cáo) Name (code) of securities companies (with transaction value exceeding 5% of the Fund’s total transaction value for the year) | C18: Quan hệ với công ty quản lý quỹ Relationship with the Fund Management Company | D18: Tỷ lệ giao dịch của quỹ qua từng công ty chứng khoán Percentage of transactions value at securities companies | G18: Phí giao dịch bình quân Average transaction fee rate | H18: Phí giao dịch bình quân trên thị trường Market average transaction fee rate
D19: Giá trị giao dịch trong kỳ báo cáo của quỹ Fund’s transaction value for the year with each securities company | E19: Tổng giá trị giao dịch trong kỳ báo cáo của quỹ (*) Fund’s total transaction value for the year (*) | F19: Tỷ lệ giao dịch của quỹ qua công ty chứng khoán trong kỳ báo cáo Percentage of the Fund’s total transaction value for the year
A20: (1) | B20: (2) | C20: (3) | D20: (4) | E20: (5) | F20: (6) = (4)/(5) | G20: (7) | H20: (8)
A21: 1 | B21: Công ty Cổ phần Chứng Khoán Rồng Việt | C21: Không có liên quan | D21: 75239251800 | E21: =$D$25 -> 181691128800 | F21: =+D21/E21 -> 0.41410526 | G21: 0.0015 | H21: 0.15% - 0.50% | I21: =+D23*G23 -> 53931116
A22: 2 | B22: Công ty Cổ phần Chứng Khoán SSI | C22: Không có liên quan | D22: 21755625000 | E22: =$D$25 -> 181691128800 | F22: =+D22/E22 -> 0.11973961 | G22: 0.0015 | H22: 0.15% - 0.50%
A23: 3 | B23: Công ty Cổ phần Chứng khoán Bản Việt | C23: Bên liên quan | D23: 35954077000 | E23: =$D$25 -> 181691128800 | F23: =+D23/E23 -> 0.1978857 | G23: 0.0015 | H23: 0.15% - 0.50%
A24: 4 | B24: Công ty Cổ phần Chứng khoán Thành Công | C24: Không có liên quan | D24: 48742175000 | E24: =$D$25 -> 181691128800 | F24: =+D24/E24 -> 0.26826943 | G24: 0.0015 | H24: 0.15% - 0.50%
A25: Tổng | D25: =SUM(D21:D24) -> 181691128800 | F25: =SUM(F21:F24) -> 1
A28: Đại diện có thẩm quyền của Ngân hàng giám sát | F28: Đại diện có thẩm quyền của Công ty quản lý Quỹ
A29: Authorised Representative of Supervisory Bank | F29: Authorised Representative of Fund Management Company
A35: Ngân hàng TMCP Đầu tư và Phát triển Việt Nam Chi nhánh Nam Kỳ Khởi Nghĩa | F35: Công ty CP Quản lý Quỹ Đầu tư chứng khoán Bản Việt
A36: Hoàng Văn Sơn | F36: Trương Thị Thanh Ngọc
A37: Phó giám đốc chi nhánh | F37: Giám đốc quỹ

Sheet THU NHAP
A1: Chỉ tiêu | B1: Mã số | C1: Thuyết minh | D1: Năm N | E1: Năm N-1
A2: I. THU NHẬP, DOANH THU HOẠT ĐỘNG ĐẦU TƯ | B2: 01 | D2: =BCThuNhap_06203!D17 -> -19093606999 | E2: =BCThuNhap_06203!E17 -> 30315204423
A3: 1.1. Cổ tức được chia | B3: 02 | D3: =BCThuNhap_06203!D18 -> 1754103945 | E3: =BCThuNhap_06203!E18 -> 1744027794
A4: 1.2. Tiền lãi được nhận | B4: 03 | D4: =BCThuNhap_06203!D21 -> 1593692656 | E4: =BCThuNhap_06203!E21 -> 1074305829
A5: 1.3. Lãi, lỗ bán các khoản đầu tư | B5: 04 | D5: =BCThuNhap_06203!D24 -> 2118817045 | E5: =BCThuNhap_06203!E24 -> 16082336009
A6: 1.4. Chênh lệch tăng, giảm đánh giá lại các khoản đầu tư chưa thực hiện | B6: 05 | D6: =VLOOKUP(B6,BCThuNhap_06203!$B17:$E71,3,0) -> -24560220645 | E6: =VLOOKUP(B6,BCThuNhap_06203!$B17:$E71,4,0) -> 11414534791
A7: 1.5. Doanh thu khác | B7: 06 | D7: =VLOOKUP(B7,BCThuNhap_06203!$B18:$E72,3,0) -> 0 | E7: =VLOOKUP(B7,BCThuNhap_06203!$B18:$E72,4,0) -> 0
A8: 1.6. Chênh lệch lãi, lỗ tỷ giá hối đoái đã và chưa thực hiện | B8: 07 | D8: =VLOOKUP(B8,BCThuNhap_06203!$B19:$E73,3,0) -> 0 | E8: =VLOOKUP(B8,BCThuNhap_06203!$B19:$E73,4,0) -> 0
A9: 1.7. Doanh thu khác về đầu tư | B9: 08 | D9: =VLOOKUP(B9,BCThuNhap_06203!$B20:$E74,3,0) -> 0 | E9: =VLOOKUP(B9,BCThuNhap_06203!$B20:$E74,4,0) -> 0
A10: 1.8. Dự phòng nợ phải thu và dự thu khó đòi về cổ tức, tiền lãi và xử lý tổn thất nợ phải thu khó đòi về cổ tức, tiền lãi | B10: 09 | D10: =VLOOKUP(B10,BCThuNhap_06203!$B21:$E75,3,0) -> 0 | E10: =VLOOKUP(B10,BCThuNhap_06203!$B21:$E75,4,0) -> 0
A11: II. CHI PHÍ ĐẦU TƯ | B11: 10 | D11: =VLOOKUP(B11,BCThuNhap_06203!$B22:$E76,3,0) -> 272536710 | E11: =VLOOKUP(B11,BCThuNhap_06203!$B22:$E76,4,0) -> 324576718
A12: 2.1. Chi phí giao dịch mua, bán các khoản đầu tư | B12: 11 | D12: =VLOOKUP(B12,BCThuNhap_06203!$B23:$E77,3,0) -> 272536710 | E12: =VLOOKUP(B12,BCThuNhap_06203!$B23:$E77,4,0) -> 324576718
A13: 2.2.Chi phí dự phòng nợ phải thu khó đòi và xử lý tổn thất phải thu khó đòi | B13: 12 | D13: =VLOOKUP(B13,BCThuNhap_06203!$B24:$E78,3,0) -> 0 | E13: =VLOOKUP(B13,BCThuNhap_06203!$B24:$E78,4,0) -> 0
A14: 2.3. Chi phí lãi vay | B14: 13 | D14: =VLOOKUP(B14,BCThuNhap_06203!$B25:$E79,3,0) -> 0 | E14: =VLOOKUP(B14,BCThuNhap_06203!$B25:$E79,4,0) -> 0
A15: 2.4. Chi phí dự phòng giảm giá tài sản nhận thế chấp và xử lý tổn thất các khoản đầu tư cho vay có tài sản nhận thế chấp | B15: 14 | D15: =VLOOKUP(B15,BCThuNhap_06203!$B26:$E80,3,0) -> 0 | E15: =VLOOKUP(B15,BCThuNhap_06203!$B26:$E80,4,0) -> 0
A16: 2.5.Chi phí đầu tư khác | B16: 15 | D16: =VLOOKUP(B16,BCThuNhap_06203!$B27:$E81,3,0) -> 0 | E16: =VLOOKUP(B16,BCThuNhap_06203!$B27:$E81,4,0) -> 0
A17: III. CHI PHÍ HOẠT ĐỘNG QUỸ MỞ | B17: 20 | D17: =VLOOKUP(B17,BCThuNhap_06203!$B28:$E82,3,0) -> 2098116471 | E17: =VLOOKUP(B17,BCThuNhap_06203!$B28:$E82,4,0) -> 1841530987
... A26: 3.9. Chi phí thanh lý tài sản Quỹ mở | B26: 20.9 | D26: =VLOOKUP(B26,BCThuNhap_06203!$B37:$E91,3,0) -> 0 | E26: =VLOOKUP(B26,BCThuNhap_06203!$B37:$E91,4,0) -> 0
A27: 3.10. Chi phí hoạt động khác | B27: 20.10 | D27: =BCThuNhap_06203!D51 -> 89600225 | E27: =BCThuNhap_06203!E51 -> 85814834
A28: IV. KẾT QUẢ HOẠT ĐỘNG ĐẦU TƯ (23=01-10-20) | B28: 23 | D28: =VLOOKUP(B28,BCThuNhap_06203!$B39:$E93,3,0) -> -21464260180 | E28: =VLOOKUP(B28,BCThuNhap_06203!$B39:$E93,4,0) -> 28149096718
A29: V. KẾT QUẢ THU NHẬP VÀ CHI PHÍ KHÁC | B29: 24 | D29: =VLOOKUP(B29,BCThuNhap_06203!$B40:$E94,3,0) -> 0 | E29: =VLOOKUP(B29,BCThuNhap_06203!$B40:$E94,4,0) -> 0
A30: 5.1. Thu nhập khác | B30: 24.1 | D30: =VLOOKUP(B30,BCThuNhap_06203!$B41:$E95,3,0) -> 0 | E30: =VLOOKUP(B30,BCThuNhap_06203!$B41:$E95,4,0) -> 0
A31: 5.2. Chi phí khác | B31: 24.2 | D31: =VLOOKUP(B31,BCThuNhap_06203!$B42:$E96,3,0) -> 0 | E31: =VLOOKUP(B31,BCThuNhap_06203!$B42:$E96,4,0) -> 0
A32: VI. TỔNG LỢI NHUẬN KẾ TOÁN TRƯỚC THUẾ (30=23 + 24) | B32: 30 | D32: =VLOOKUP(B32,BCThuNhap_06203!$B43:$E97,3,0) -> -21464260180 | E32: =VLOOKUP(B32,BCThuNhap_06203!$B43:$E97,4,0) -> 28149096718
A33: 6.1. Lợi nhuận đã thực hiện | B33: 31 | D33: =VLOOKUP(B33,BCThuNhap_06203!$B44:$E98,3,0) -> 3095960465 | E33: =VLOOKUP(B33,BCThuNhap_06203!$B44:$E98,4,0) -> 16734561927
A34: 6.2. Lợi nhuận chưa thực hiện | B34: 32 | D34: =VLOOKUP(B34,BCThuNhap_06203!$B45:$E99,3,0) -> -24560220645 | E34: =VLOOKUP(B34,BCThuNhap_06203!$B45:$E99,4,0) -> 11414534791
A35: VII. CHI PHÍ THUẾ TNDN | B35: 40 | D35: =VLOOKUP(B35,BCThuNhap_06203!$B46:$E100,3,0) -> 0 | E35: =VLOOKUP(B35,BCThuNhap_06203!$B46:$E100,4,0) -> 0
A36: VIII. LỢI NHUẬN KẾ TOÁN SAU THUẾ TNDN (41 = 30 - 40) | B36: 41 | D36: =VLOOKUP(B36,BCThuNhap_06203!$B47:$E101,3,0) -> -21464260180 | E36: =VLOOKUP(B36,BCThuNhap_06203!$B47:$E101,4,0) -> 28149096718

Sheet TAI CHINH
A1: Chỉ tiêu | B1: Mã số | C1: Thuyết minh | D1: Năm N | E1: Năm N-1
A2: I. TÀI SẢN | B2: I
A3: 1.Tiền gửi ngân hàng và tương đương tiền | B3: 110 | D3: =VLOOKUP(B3,BCTinhHinhTaiChinh_06105!$B18:$E87,3,0) -> 16164663074 | E3: =VLOOKUP(B3,BCTinhHinhTaiChinh_06105!$B18:$E87,4,0) -> 22891611972
A4: 1.1. Tiền gửi ngân hàng cho hoạt động của Quỹ mở | B4: 111 | D4: =VLOOKUP(B4,BCTinhHinhTaiChinh_06105!$B19:$E88,3,0) -> 16164663074 | E4: =VLOOKUP(B4,BCTinhHinhTaiChinh_06105!$B19:$E88,4,0) -> 5656890237
A5: 1.2. Tiền gửi có kỳ hạn dưới 3 tháng | B5: 112 | D5: =VLOOKUP(B5,BCTinhHinhTaiChinh_06105!$B20:$E89,3,0) -> 0 | E5: =VLOOKUP(B5,BCTinhHinhTaiChinh_06105!$B20:$E89,4,0) -> 17234721735
A6: 2. Các khoản đầu tư thuần | B6: 120 | D6: =VLOOKUP(B6,BCTinhHinhTaiChinh_06105!$B21:$E90,3,0) -> 76447860698 | E6: =VLOOKUP(B6,BCTinhHinhTaiChinh_06105!$B21:$E90,4,0) -> 92688070600
A7: 2.1. Các khoản đầu tư | B7: 121 | D7: =VLOOKUP(B7,BCTinhHinhTaiChinh_06105!$B22:$E91,3,0) -> 76447860698 | E7: =VLOOKUP(B7,BCTinhHinhTaiChinh_06105!$B22:$E91,4,0) -> 92688070600
A8: 2.2. Dự phòng giảm giá tài sản nhận thế chấp | B8: 122 | D8: =VLOOKUP(B8,BCTinhHinhTaiChinh_06105!$B23:$E92,3,0) -> 0 | E8: =VLOOKUP(B8,BCTinhHinhTaiChinh_06105!$B23:$E92,4,0) -> 0
A9: 3. Các khoản phải thu | B9: 130 | D9: =VLOOKUP(B9,BCTinhHinhTaiChinh_06105!$B24:$E93,3,0) -> 1364855818 | E9: =VLOOKUP(B9,BCTinhHinhTaiChinh_06105!$B24:$E93,4,0) -> 3163830187
A10: 3.1 Phải thu về bán các khoản đầu tư | B10: 131 | D10: =VLOOKUP(B10,BCTinhHinhTaiChinh_06105!$B25:$E94,3,0) -> 804791000 | E10: =VLOOKUP(B10,BCTinhHinhTaiChinh_06105!$B25:$E94,4,0) -> 2501342350
A11: Trong đó: Phải thu khó đòi về bán các khoản đầu tư | B11: 132 | D11: 0 | E11: 0
A12: 3.2. Phải thu và dự thu cổ tức, tiền lãi các khoản đầu tư | B12: 133 | D12: =VLOOKUP(B12,BCTinhHinhTaiChinh_06105!$B27:$E96,3,0) -> 560064818 | E12: =VLOOKUP(B12,BCTinhHinhTaiChinh_06105!$B27:$E96,4,0) -> 662487837
A13: 3.2.1. Phải thu cổ tức, tiền lãi đến ngày nhận | B13: 134 | D13: =VLOOKUP(B13,BCTinhHinhTaiChinh_06105!$B28:$E97,3,0) -> 0 | E13: =VLOOKUP(B13,BCTinhHinhTaiChinh_06105!$B28:$E97,4,0) -> 0
A14: Trong đó: Phải thu khó đòi về cổ tức, tiền lãi đến ngày nhận nhưng chưa nhận được | B14: 135 | D14: 0 | E14: 0
A15: 3.2.2 Dự thu cổ tức, tiền lãi chưa đến ngày nhận | B15: 136 | D15: =VLOOKUP(B15,BCTinhHinhTaiChinh_06105!$B30:$E99,3,0) -> 560064818 | E15: =VLOOKUP(B15,BCTinhHinhTaiChinh_06105!$B30:$E99,4,0) -> 662487837
A16: 3.3. Các khoản phải thu khác | B16: 137 | D16: =VLOOKUP(B16,BCTinhHinhTaiChinh_06105!$B31:$E100,3,0) -> 0 | E16: =VLOOKUP(B16,BCTinhHinhTaiChinh_06105!$B31:$E100,4,0) -> 0
A17: 3.4. Dự phòng nợ phải thu khó đòi (*) | B17: 138 | D17: =VLOOKUP(B17,BCTinhHinhTaiChinh_06105!$B32:$E101,3,0) -> 0 | E17: =VLOOKUP(B17,BCTinhHinhTaiChinh_06105!$B32:$E101,4,0) -> 0
A18: TỔNG TÀI SẢN | B18: 100 | D18: =VLOOKUP(B18,BCTinhHinhTaiChinh_06105!$B33:$E102,3,0) -> 93977379590 | E18: =VLOOKUP(B18,BCTinhHinhTaiChinh_06105!$B33:$E102,4,0) -> 118743512759
A19: II. NỢ PHẢI TRẢ | B19: II | D19: =VLOOKUP(B19,BCTinhHinhTaiChinh_06105!$B34:$E103,3,0) -> 0 | E19: =VLOOKUP(B19,BCTinhHinhTaiChinh_06105!$B34:$E103,4,0) -> 0
A20: 1. Vay ngắn hạn | B20: 311 | D20: =VLOOKUP(B20,BCTinhHinhTaiChinh_06105!$B35:$E104,3,0) -> 0 | E20: =VLOOKUP(B20,BCTinhHinhTaiChinh_06105!$B35:$E104,4,0) -> 0
A21: 2. Phải trả về mua các khoản đầu tư | B21: 312 | D21: =VLOOKUP(B21,BCTinhHinhTaiChinh_06105!$B36:$E105,3,0) -> 741110 | E21: =VLOOKUP(B21,BCTinhHinhTaiChinh_06105!$B36:$E105,4,0) -> 649873350
A22: 3. Phải trả cho các Đại lý phân phối Chứng chỉ quỹ | B22: 313 | D22: =VLOOKUP(B22,BCTinhHinhTaiChinh_06105!$B37:$E106,3,0) -> 1183070 | E22: =VLOOKUP(B22,BCTinhHinhTaiChinh_06105!$B37:$E106,4,0) -> 10308570
A23: 4. Thuế và các khoản phải nộp Nhà nước | B23: 314 | D23: =VLOOKUP(B23,BCTinhHinhTaiChinh_06105!$B38:$E107,3,0) -> 687346 | E23: =VLOOKUP(B23,BCTinhHinhTaiChinh_06105!$B38:$E107,4,0) -> 1270463
A24: 5.Phải trả thu nhập cho Nhà đầu tư | B24: 315 | D24: =VLOOKUP(B24,BCTinhHinhTaiChinh_06105!$B39:$E108,3,0) -> 407334 | E24: =VLOOKUP(B24,BCTinhHinhTaiChinh_06105!$B39:$E108,4,0) -> 407334
A25: 6. Chi phí phải trả | B25: 316 | D25: =VLOOKUP(B25,BCTinhHinhTaiChinh_06105!$B40:$E109,3,0) -> 103200000 | E25: =VLOOKUP(B25,BCTinhHinhTaiChinh_06105!$B40:$E109,4,0) -> 96200000
A26: 7. Phải trả cho Nhà đầu tư về mua Chứng chỉ quỹ | B26: 317 | D26: =VLOOKUP(B26,BCTinhHinhTaiChinh_06105!$B41:$E110,3,0) -> 0 | E26: =VLOOKUP(B26,BCTinhHinhTaiChinh_06105!$B41:$E110,4,0) -> 4000000
... A37: IV. GIÁ TRỊ TÀI SẢN RÒNG QUỸ MỞ TRÊN 1 ĐƠN VỊ CHỨNG CHỈ QUỸ (IV=(I-II)/III) | B37: 430 | D37: =VLOOKUP(B37,BCTinhHinhTaiChinh_06105!$B52:$E121,3,0) -> 13513.83 | E37: =VLOOKUP(B37,BCTinhHinhTaiChinh_06105!$B52:$E121,4,0) -> 16577.32
A38: V. LỢI NHUẬN ĐÃ PHÂN PHỐI CHO NHÀ ĐẦU TƯ | B38: 440
A39: 1. Lợi nhuận/Tài sản đã phân phối cho Nhà đầu tư trong năm | B39: 441 | D39: =VLOOKUP(B39,BCTinhHinhTaiChinh_06105!$B54:$E123,3,0) -> 0 | E39: =VLOOKUP(B39,BCTinhHinhTaiChinh_06105!$B54:$E123,4,0) -> 3349604890
A40: 2. Lợi nhuận đã phân phối cho Nhà đầu tư lũy kế từ khi thành lập Quỹ mở đến kỳ lập báo cáo này | B40: 442 | D40: =VLOOKUP(B40,BCTinhHinhTaiChinh_06105!$B55:$E124,3,0) -> 21452073549 | E40: =VLOOKUP(B40,BCTinhHinhTaiChinh_06105!$B55:$E124,4,0) -> 21452073549
A41: VI. CÁC CHỈ TIÊU NGOÀI BÁO CÁO TÌNH HÌNH TÀI CHÍNH | B41: VI | D41: =VLOOKUP(B41,BCTinhHinhTaiChinh_06105!$B56:$E125,3,0) -> 0 | E41: =VLOOKUP(B41,BCTinhHinhTaiChinh_06105!$B56:$E125,4,0) -> 0
A42: 1. Tài sản nhận thế chấp | B42: 001 | D42: =VLOOKUP(B42,BCTinhHinhTaiChinh_06105!$B57:$E126,3,0) -> 0 | E42: =VLOOKUP(B42,BCTinhHinhTaiChinh_06105!$B57:$E126,4,0) -> 0
A43: 2. Nợ khó đòi đã xử lý | B43: 002 | D43: =VLOOKUP(B43,BCTinhHinhTaiChinh_06105!$B58:$E127,3,0) -> 0 | E43: =VLOOKUP(B43,BCTinhHinhTaiChinh_06105!$B58:$E127,4,0) -> 0
A44: 3. Ngoại tệ các loại | B44: 003 | D44: =VLOOKUP(B44,BCTinhHinhTaiChinh_06105!$B59:$E128,3,0) -> 0 | E44: =VLOOKUP(B44,BCTinhHinhTaiChinh_06105!$B59:$E128,4,0) -> 0
A45: 4. Số lượng Chứng chỉ quỹ đang lưu hành | B45: 004 | D45: =VLOOKUP(B45,BCTinhHinhTaiChinh_06105!$B60:$E129,3,0) -> 5737082.6 | E45: =VLOOKUP(B45,BCTinhHinhTaiChinh_06105!$B60:$E129,4,0) -> 7071151.8

Sheet Sheet6
A1: STT | B1: Chỉ tiêu | C1: Mã chỉ tiêu | D1: Kỳ báo cáo | E1: Kỳ trước
A2: I | B2: Các chỉ tiêu về hiệu quả hoạt động | C2: 2264
A3: 1 | B3: Tỷ lệ giá dịch vụ quản lý trả cho công ty quản lý quỹ/Giá trị tài sản ròng trung bình trong kỳ (%) | C3: 2265 | D3: =Khac_06030!D19 -> 0.011066846 | E3: =Khac_06030!E19 -> 0.0089832504
A4: 2 | B4: Tỷ lệ giá dịch vụ lưu ký, giám sát trả cho ngân hàng giám sát/Giá trị tài sản ròng trung bình trong kỳ (%) | C4: 2266 | D4: =Khac_06030!D20 -> 0.0035317062 | E4: =Khac_06030!E20 -> 0.0037955828
A5: 3 | B5: Tỷ tệ chi phí dịch vụ quản trị quỹ và các chi phí khác mà công ty quản lý quỹ trả cho tổ chức cung cấp dịch vụ có liên quan/Giá trị tài sản ròng trung bình trong kỳ (%) (nếu có) | C5: 22661 | D5: =Khac_06030!D21 -> 0.0031455899 | E5: =Khac_06030!E21 -> 0.0032808768
A6: 4 | B6: Chi phí kiểm toán trả cho tổ chức kiểm toán (nếu phát sinh)/Giá trị tài sản ròng trung bình trong kỳ (%) | C6: 2267 | D6: =Khac_06030!D22 -> 0.0014012173 | E6: =Khac_06030!E22 -> 0.0013377178
A7: 5 | B7: Chi phí trả cho tổ chức quản lý bất động sản/ Giá trị tài sản ròng trung bình trong kỳ (%) | C7: 2286
A8: 6 | B8: Chi phí trả cho doanh nghiệp thẩm định giá bất động sản/Giá trị tài sản ròng trung bình trong kỳ (%) | C8: 2287
A9: 7 | B9: Chi phí dịch tư vấn pháp lý, dịch vụ báo giá và các dịch vụ hợp lý khác, thù lao trả cho Ban đại diện quỹ (Hội đồng quản trị)/Giá trị tài sản ròng trung bình trong kỳ (%) | C9: 2268 | D9: =Khac_06030!D23 -> 0.00068631053 | E9: =Khac_06030!E23 -> 0.00071344949
A10: 8 | B10: Tỷ lệ chi phí/Giá trị tài sản ròng trung bình trong kỳ (%) | C10: 2269 | D10: =Khac_06030!D24 -> 0.019999437 | E10: =Khac_06030!E24 -> 0.018247769
A11: 9 | B11: Tốc độ vòng quay danh mục trong kỳ (%) | C11: 2270 | D11: =Khac_06030!D25 -> 0.93298735 | E11: =Khac_06030!E25 -> 1.1345898
A12: 10 | B12: Tỷ lệ thu nhập (tính cả thu nhập từ lãi, cổ tức, trái tức, chênh lệch giá)/Giá trị tài sản ròng (áp dụng đối với quỹ thành viên, quỹ đóng, công ty đầu tư chứng khoán) | C12: 2287
A13: II | B13: Các chỉ tiêu khác | C13: 2272
A14: 1 | B14: Quy mô quỹ/công ty đầu kỳ | C14: 2273 | D14: =Khac_06030!D27 -> 7.0711518e+10 | E14: =Khac_06030!E27 -> 6.5129553e+10
B15: Tổng giá trị chứng chỉ quỹ/cổ phiếu đang lưu hành đầu kỳ | C15: 2274 | D15: =Khac_06030!D28 -> 7.0711518e+10 | E15: =Khac_06030!E28 -> 6.5129553e+10
B16: Tổng số lượng chứng chỉ quỹ/cổ phiếu đang lưu hành đầu kỳ | C16: 2275 | D16: =Khac_06030!D29 -> 7071151.7 | E16: =Khac_06030!E29 -> 6512955.3
A17: 2 | B17: Thay đổi quy mô trong kỳ | C17: 2276 | D17: =Khac_06030!D30 -> -13340691900 | E17: =Khac_06030!E30 -> 5.5819641e+09
B18: Số lượng chứng chỉ quỹ/ cổ phiếu phát hành thêm trong kỳ | C18: 2277 | D18: =Khac_06030!D33 -> 103436.25 | E18: =Khac_06030!E33 -> 1623477.9
B19: Giá trị vốn thực huy động thêm trong kỳ | C19: 2278 | D19: =Khac_06030!D34 -> 1034362500 | E19: =Khac_06030!E34 -> 1.6234779e+10
B20: Số lượng chứng chỉ quỹ mua lại trong kỳ | C20: 22781 | D20: =Khac_06030!D35 -> -1437505.4 | E20: =Khac_06030!E35 -> -1065281.5
B21: Giá trị vốn thực thanh toán trong kỳ | C21: 22782 | D21: =Khac_06030!D36 -> -14375054400 | E21: =Khac_06030!E36 -> -10652814700
A22: 3 | B22: Quy mô quỹ/công ty cuối kỳ | C22: 2279 | D22: =Khac_06030!D37 -> 5.7370826e+10 | E22: =Khac_06030!E37 -> 7.0711518e+10
B23: Tổng giá trị thị trường của quỹ/công ty đang lưu hành cuối kỳ | C23: 2280 | D23: =Khac_06030!D38 -> 5.7370826e+10 | E23: =Khac_06030!E38 -> 7.0711518e+10
B24: Tổng số lượng chứng chỉ quỹ/cổ phiếu đang lưu hành cuối kỳ | C24: 2281 | D24: =Khac_06030!D39 -> 5737082.6 | E24: =Khac_06030!E39 -> 7071151.7
A25: 4 | B25: Tỷ lệ nắm giữ chứng chỉ quỹ/cổ phiếu của công ty quản lý quỹ và người có liên quan cuối kỳ | C25: 2282 | D25: =Khac_06030!D40 -> 0.90790194 | E25: =Khac_06030!E40 -> 0.906
A26: 5 | B26: Tỷ lệ nắm giữ chứng chỉ quỹ/cổ phiếu của 10 nhà đầu tư/cổ đông lớn nhất cuối kỳ | C26: 2283 | D26: =Khac_06030!D41 -> 0.95397041 | E26: =Khac_06030!E41 -> 0.9603
A27: 6 | B27: Tỷ lệ nắm giữ chứng chỉ quỹ/cổ phiếu của nhà đầu tư/cổ đông nước ngoài cuối kỳ | C27: 2284 | D27: =Khac_06030!D42 -> 0.0017124209 | E27: =Khac_06030!E42 -> 0.0013893493
A28: 7 | B28: Số nhà đầu tư tham gia vào quỹ, kể cả giao dịch ký danh (áp dụng đối với quỹ mở) | C28: 22841 | D28: =Khac_06030!D44 -> 172 | E28: =Khac_06030!E44 -> 157
A29: 8 | B29: Giá trị tài sản ròng trên một chứng chỉ quỹ/cổ phiếu cuối kỳ | C29: 2285 | D29: =Khac_06030!D43 -> 13513.83 | E29: =Khac_06030!E43 -> 16577.32
A30: 9 | B30: Giá trị thị trường trên một chứng chỉ quỹ/cổ phiếu cuối kỳ (áp dụng đối với quỹ niêm yết) | C30: 2288

Sheet LCTT
A1: Chỉ tiêu | B1: Mã số | C1: Thuyết minh | D1: Năm N | E1: Năm N-1
A2: I. Lưu chuyển tiền từ hoạt động đầu tư | B2: I
A3: 1. Lợi nhuận trước Thuế thu nhập doanh nghiệp | B3: 01 | D3: =VLOOKUP(B3,BCLCGT_06262!$B16:$E57,3,0) -> -21464260180 | E3: =VLOOKUP(B3,BCLCGT_06262!$B16:$E57,4,0) -> 28149096718
A4: 2. Điều chỉnh cho các khoản tăng giá trị tài sản ròng từ các hoạt động đầu tư | B4: 02 | D4: =VLOOKUP(B4,BCLCGT_06262!$B17:$E58,3,0) -> 24560220645 | E4: =VLOOKUP(B4,BCLCGT_06262!$B17:$E58,4,0) -> -11414534791
A5: (- lãi) hoặc (+ lỗ) chênh lệch tỷ giá hối đoái chưa thực hiện | B5: 03 | D5: =VLOOKUP(B5,BCLCGT_06262!$B18:$E59,3,0) -> 24560220645 | E5: =VLOOKUP(B5,BCLCGT_06262!$B18:$E59,4,0) -> -11414534791
A6: (+) chi phí trích trước | B6: 04 | D6: =VLOOKUP(B6,BCLCGT_06262!$B19:$E60,3,0) -> 0 | E6: =VLOOKUP(B6,BCLCGT_06262!$B19:$E60,4,0) -> 0
A7: 3. Lợi nhuận từ hoạt động đầu tư trước thay đổi vốn lưu động | B7: 05 | D7: =VLOOKUP(B7,BCLCGT_06262!$B20:$E61,3,0) -> 3095960465 | E7: =VLOOKUP(B7,BCLCGT_06262!$B20:$E61,4,0) -> 16734561927
A8: (-) Tăng, (+) giảm các khoản đầu tư | B8: 20 | D8: =VLOOKUP(B8,BCLCGT_06262!$B21:$E62,3,0) -> -8320010743 | E8: =VLOOKUP(B8,BCLCGT_06262!$B21:$E62,4,0) -> -16639547896
A9: (-) Tăng, (+) giảm phải thu bán chứng khoán đầu tư | B9: 06 | D9: =VLOOKUP(B9,BCLCGT_06262!$B22:$E63,3,0) -> 1696551350 | E9: =VLOOKUP(B9,BCLCGT_06262!$B22:$E63,4,0) -> 1437524474
A10: (-) Tăng, (+) giảm dự thu phải thu tiền lãi các khoản đầu tư | B10: 07 | D10: =VLOOKUP(B10,BCLCGT_06262!$B23:$E64,3,0) -> 102423019 | E10: =VLOOKUP(B10,BCLCGT_06262!$B23:$E64,4,0) -> -455986901
A11: (-) Tăng, (+) giảm các khoản phải thu khác | B11: 08 | D11: =VLOOKUP(B11,BCLCGT_06262!$B24:$E65,3,0) -> 0 | E11: =VLOOKUP(B11,BCLCGT_06262!$B24:$E65,4,0) -> 0
A12: (+) Tăng, (-) giảm vay ngắn hạn | B12: 09 | D12: =VLOOKUP(B12,BCLCGT_06262!$B25:$E66,3,0) -> 0 | E12: =VLOOKUP(B12,BCLCGT_06262!$B25:$E66,4,0) -> 0
A13: (+) Tăng, (-) giảm phải trả cho người bán | B13: 10 | D13: =VLOOKUP(B13,BCLCGT_06262!$B26:$E67,3,0) -> -649132240 | E13: =VLOOKUP(B13,BCLCGT_06262!$B26:$E67,4,0) -> -3311660050
A14: (+) Tăng, (-) giảm phải trả các Đại lý phân phối Chứng chỉ quỹ | B14: 11 | D14: =VLOOKUP(B14,BCLCGT_06262!$B27:$E68,3,0) -> -9125500 | E14: =VLOOKUP(B14,BCLCGT_06262!$B27:$E68,4,0) -> 10015716
... A41: VI. Chênh lệch tiền và các khoản tương đương tiền trong kỳ | B41: 60 | D41: =VLOOKUP(B41,BCLCGT_06262!$B54:$E95,3,0) -> -6726948898 | E41: =VLOOKUP(B41,BCLCGT_06262!$B54:$E95,4,0) -> 3931038721
A42: Khác | B42: 80

Sheet HOAT DONG
A1: STT | B1: Chỉ tiêu | C1: Mã chỉ tiêu | D1: Kỳ báo cáo | E1: Kỳ trước | F1: Lũy kế từ đầu năm
A2: I | B2: Thu nhập từ hoạt động đầu tư | C2: 2220 | D2: =BCKetQuaHoatDong_06028!D18 -> 3347796601 | E2: =BCKetQuaHoatDong_06028!E18 -> 2818333623 | F2: =BCKetQuaHoatDong_06028!F18 -> 3347796601
A3: 1 | B3: Thu từ bất động sản cho thuê (áp dụng đối với các quỹ được phép đầu tư bất động sản) | C3: 2223
A4: ... | B4: ... | C4: ... | D4: ... | E4: ... | F4: ...
A5: 2 | B5: Cổ tức, trái tức được nhận | C5: 2221 | D5: =BCKetQuaHoatDong_06028!D19 -> 1754103945 | E5: =BCKetQuaHoatDong_06028!E19 -> 1744027794 | F5: =BCKetQuaHoatDong_06028!F19 -> 1754103945
A6: ... | B6: ... | C6: ... | D6: ... | E6: ... | F6: ...
A7: 3 | B7: Lãi được nhận | C7: 2222 | D7: =BCKetQuaHoatDong_06028!D22 -> 1593692656 | E7: =BCKetQuaHoatDong_06028!E22 -> 1074305829 | F7: =BCKetQuaHoatDong_06028!F22 -> 1593692656
A8: ... | B8: ... | C8: ... | D8: ... | E8: ... | F8: ...
A9: 4 | B9: Các khoản thu nhập khác | C9: 2223 | D9: =BCKetQuaHoatDong_06028!D23 -> 0 | E9: =BCKetQuaHoatDong_06028!E23 -> 0 | F9: =BCKetQuaHoatDong_06028!F23 -> 0
A10: ... | B10: ... | C10: ... | D10: ... | E10: ... | F10: ...
A11: II | B11: Chi phí | C11: 2224 | D11: =BCKetQuaHoatDong_06028!D24 -> 2370653181 | E11: =BCKetQuaHoatDong_06028!E24 -> 2166107705 | F11: =BCKetQuaHoatDong_06028!F24 -> 2370653181
A12: 1 | B12: Chi phí quản lý trả cho công ty quản lý quỹ | C12: 2225 | D12: =BCKetQuaHoatDong_06028!D25 -> 1161009255 | E12: =BCKetQuaHoatDong_06028!E25 -> 906572973 | F12: =BCKetQuaHoatDong_06028!F25 -> 1161009255
A13: ... | B13: ... | C13: ... | D13: ... | E13: ... | F13: ...
A14: 2 | B14: Chi phí lưu ký, giám sát trả cho ngân hàng giám sát | C14: 2226 | D14: =BCKetQuaHoatDong_06028!D26 -> 370506991 | E14: =BCKetQuaHoatDong_06028!E26 -> 383043180 | F14: =BCKetQuaHoatDong_06028!F26 -> 370506991
A15: ... | B15: ... | C15: ... | D15: ... | E15: ... | F15: ...
A17: 3 | B17: Chi phí quản trị quỹ và các chi phí khác mà công ty quản lý quỹ trả cho tổ chức cung cấp dịch vụ có liên quan (nếu có) | C17: 2227 | D17: =BCKetQuaHoatDong_06028!D31 -> 330000000 | E17: =BCKetQuaHoatDong_06028!E31 -> 331100000 | F17: =BCKetQuaHoatDong_06028!F31 -> 330000000
A18: ... | B18: ... | C18: ... | D18: ... | E18: ... | F18: ...
A20: 4 | B20: Chi phí dịch vụ quản lý bất động sản (áp dụng đối với các quỹ được phép đầu tư bất động sản) | C20: 2231
A21: ... | B21: ... | C21: ... | D21: ... | E21: ... | F21: ...
A22: 5 | B22: Chi phí dịch vụ định giá bất động sản (áp dụng đối với các quỹ được phép đầu tư bất động sản) | C22: 2232
A23: ... | B23: ... | C23: ... | D23: ... | E23: ... | F23: ...
A24: 6 | B24: Chi phí kiểm toán trả cho tổ chức kiểm toán; | C24: 2228 | D24: =BCKetQuaHoatDong_06028!D34 -> 147000000 | E24: =BCKetQuaHoatDong_06028!E34 -> 135000000 | F24: =BCKetQuaHoatDong_06028!F34 -> 147000000
A25: ... | B25: ... | C25: ... | D25: ... | E25: ... | F25: ...
A26: 7 | B26: Chi phí dịch vụ tư vấn pháp lý, dịch vụ báo giá và các dịch vụ hợp lý khác, thù lao trả cho Ban đại diện quỹ/Hội đồng quản trị | C26: 2229 | D26: =BCKetQuaHoatDong_06028!D35 -> 72000000 | E26: =BCKetQuaHoatDong_06028!E35 -> 72000000 | F26: =BCKetQuaHoatDong_06028!F35 -> 72000000
A27: ... | B27: ... | C27: ... | D27: ... | E27: ... | F27: ...
A29: 8 | B29: Chi phí dự thảo, in ấn, gửi Bản cáo bạch, Bản cáo bạch tóm tắt, báo cáo tài chính, xác nhận giao dịch, sao kê tài khoản và các tài liệu khác cho nhà đầu tư; chi phí công bố thông tin của quỹ; chi phí tổ chức họp Đại hội nhà đầu tư/Đại hội đồng cổ đông, Ban đại diện quỹ/Hội đồng quản trị | C29: 2230 | D29: =BCKetQuaHoatDong_06028!D38 -> 0 | E29: =BCKetQuaHoatDong_06028!E38 -> 0 | F29: =BCKetQuaHoatDong_06028!F38 -> 0
A30: ... | B30: ... | C30: ... | D30: ... | E30: ... | F30: ...
A32: 9 | B32: Chi phí liên quan đến thực hiện các giao dịch tài sản của quỹ/công ty | C32: 2231 | D32: =BCKetQuaHoatDong_06028!D43 -> 272536710 | E32: =BCKetQuaHoatDong_06028!E43 -> 324576718 | F32: =BCKetQuaHoatDong_06028!F43 -> 272536710
A33: ... | B33: ... | C33: ... | D33: ... | E33: ... | F33: ...
A35: 10 | B35: Các loại chi phí khác (nêu chi tiết) | C35: 2232 | D35: =BCKetQuaHoatDong_06028!D46 -> 17600225 | E35: =BCKetQuaHoatDong_06028!E46 -> 13814834 | F35: =BCKetQuaHoatDong_06028!F46 -> 17600225
A36: ... | B36: ... | C36: ... | D36: ... | E36: ... | F36: ...
A38: III | B38: Thu nhập ròng từ hoạt động đầu tư (I-II) | C38: 2233 | D38: =BCKetQuaHoatDong_06028!D53 -> 977143420 | E38: =BCKetQuaHoatDong_06028!E53 -> 652225918 | F38: =BCKetQuaHoatDong_06028!F53 -> 977143420
A39: IV | B39: Lãi (lỗ) từ hoạt động đầu tư | C39: 2234 | D39: =BCKetQuaHoatDong_06028!D54 -> -22441403600 | E39: =BCKetQuaHoatDong_06028!E54 -> 27496870800 | F39: =BCKetQuaHoatDong_06028!F54 -> -22441403600
A40: 1 | B40: Lãi (lỗ) thực tế phát sinh từ hoạt động đầu tư hoặc chuyển nhượng bất động sản | C40: 2235 | D40: =BCKetQuaHoatDong_06028!D55 -> 2118817045 | E40: =BCKetQuaHoatDong_06028!E55 -> 16082336009 | F40: =BCKetQuaHoatDong_06028!F55 -> 2118817045
A41: 2 | B41: Thay đổi về giá trị của các khoản đầu tư trong kỳ | C41: 2236 | D41: =BCKetQuaHoatDong_06028!D56 -> -24560220645 | E41: =BCKetQuaHoatDong_06028!E56 -> 11414534791 | F41: =BCKetQuaHoatDong_06028!F56 -> -24560220645
A42: V | B42: Thay đổi của giá trị tài sản ròng do các hoạt động đầu tư trong kỳ (III + IV) | C42: 2237 | D42: =BCKetQuaHoatDong_06028!D57 -> -21464260180 | E42: =BCKetQuaHoatDong_06028!E57 -> 28149096718 | F42: =BCKetQuaHoatDong_06028!F57 -> -21464260180
A43: VI | B43: Giá trị tài sản ròng đầu kỳ | C43: 2238 | D43: =BCKetQuaHoatDong_06028!D58 -> 117220725865 | E43: =BCKetQuaHoatDong_06028!E58 -> 83573284315 | F43: =BCKetQuaHoatDong_06028!F58 -> 117220725865
A44: VII | B44: Thay đổi giá trị tài sản ròng của Quỹ/Công ty trong kỳ, trong đó: | C44: 2239 | D44: =BCKetQuaHoatDong_06028!D59 -> -39690754987 | E44: =BCKetQuaHoatDong_06028!E59 -> 33647441550 | F44: =BCKetQuaHoatDong_06028!F59 -> -39690754987
A45: 1 | B45: Thay đổi giá trị tài sản ròng của Quỹ/Công ty đầu tư chứng khoán do các hoạt động đầu tư trong kỳ | C45: 2239.1 | D45: =BCKetQuaHoatDong_06028!D61 -> -21464260180 | E45: =BCKetQuaHoatDong_06028!E61 -> 28149096718 | F45: =BCKetQuaHoatDong_06028!F61 -> -21464260180
A46: 2 | B46: Thay đổi giá trị tài sản ròng do việc chi trả lợi tức/cổ tức cho các nhà đầu tư/cổ đông trong kỳ | C46: 2239.2 | D46: =BCKetQuaHoatDong_06028!D62 -> 0 | E46: =BCKetQuaHoatDong_06028!E62 -> -3349604890 | F46: =BCKetQuaHoatDong_06028!F62 -> 0
A47: 3 | B47: Thay đổi giá trị tài sản ròng do phát hành thêm/mua lại chứng chỉ quỹ | C47: 2239.3 | D47: =BCKetQuaHoatDong_06028!D63 -> -18226494807 | E47: =BCKetQuaHoatDong_06028!E63 -> 8847949722 | F47: =BCKetQuaHoatDong_06028!F63 -> -18226494807
A48: VIII | B48: Giá trị tài sản ròng cuối kỳ | C48: 2243 | D48: =BCKetQuaHoatDong_06028!D66 -> 77529970878 | E48: =BCKetQuaHoatDong_06028!E66 -> 117220725865 | F48: =BCKetQuaHoatDong_06028!F66 -> 77529970878
A49: IX | B49: Lợi nhuận bình quân năm (chỉ áp dụng đối với báo cáo năm) | C49: 2244 | D49: =BCKetQuaHoatDong_06028!D67 -> -21464260180 | E49: =BCKetQuaHoatDong_06028!E67 -> 28149096718 | F49: =BCKetQuaHoatDong_06028!F67 -> 0
B50: Tỷ suất lợi nhuận bình quân năm (chỉ áp dụng đối với báo cáo năm) | C50: 2245 | D50: =BCKetQuaHoatDong_06028!D68 -> -0.20459927 | E50: =BCKetQuaHoatDong_06028!E68 -> 0.27892998

Sheet TAI SAN
A1: STT | B1: Nội dung | C1: Mã chỉ tiêu | D1: Kỳ báo cáo | E1: Kỳ trước | F1: %/cùng kỳ năm trước
A2: I | B2: Tài sản | C2: 2200
A3: I.1 | B3: Tiền và các khoản tương đương tiền | C3: 2201 | D3: =VLOOKUP(C3,BCTaiSan_06027!$C18:$F69,2,0) -> 16164663074 | E3: =VLOOKUP(C3,BCTaiSan_06027!$C18:$F69,3,0) -> 22891611972 | F3: =VLOOKUP(C3,BCTaiSan_06027!$C18:$F69,4,0)/100 -> 0.70613913
B4: Tiền | C4: 2202
A5: ... | B5: ... | C5: ... | D5: ... | E5: ... | F5: ...
B6: Tiền gửi ngân hàng | C6: 2203 | D6: =BCTaiSan_06027!D21 -> 16164663074 | E6: =BCTaiSan_06027!E21 -> 5656890237 | F6: =BCTaiSan_06027!F21/100 -> 2.8575175
A7: ... | B7: Các khoản tương đương tiền | C7: 2204 | D7: =BCTaiSan_06027!D25 -> 0 | E7: =BCTaiSan_06027!E25 -> 17234721735 | F7: =BCTaiSan_06027!F25/100 -> 0
A8: I.2 | B8: Các khoản đầu tư (kê chi tiết) | C8: 2205 | D8: =BCTaiSan_06027!D26 -> 76447860698 | E8: =BCTaiSan_06027!E26 -> 92688070600 | F8: =BCTaiSan_06027!F26/100 -> 0.82478641
A9: ... | B9: ... | C9: ... | D9: ... | E9: ... | F9: ...
A11: I.3 | B11: Thu từ cho thuê bất động sản đầu tư (áp dụng đối với các quỹ được phép đầu tư bất động sản) | C11: 2220
A12: ... | B12: ... | C12: ... | D12: ... | E12: ... | F12: ...
A13: I.4 | B13: Cổ tức, trái tức được nhận | C13: 2206 | D13: =BCTaiSan_06027!D33 -> 204000000 | E13: =BCTaiSan_06027!E33 -> 379096197 | F13: =BCTaiSan_06027!F33/100 -> 0.53812199
A14: ... | B14: ... | C14: ... | D14: ... | E14: ... | F14: ...
A16: I.5 | B16: Lãi được nhận | C16: 2207 | D16: =BCTaiSan_06027!D36 -> 356064818 | E16: =BCTaiSan_06027!E36 -> 283391640 | F16: =BCTaiSan_06027!F36/100 -> 1.2564408
A17: ... | B17: ... | C17: ... | D17: ... | E17: ... | F17: ...
A19: I.6 | B19: Tiền bán bất động sản chờ thu (kê chi tiết - áp dụng đối với các quỹ được phép đầu tư bất động sản) | C19: 2221
A20: ... | B20: ... | C20: ... | D20: ... | E20: ... | F20: ...
A21: I.7 | B21: Tiền bán chứng khoán chờ thu (kê chi tiết) | C21: 2208 | D21: =BCTaiSan_06027!D39 -> 804791000 | E21: =BCTaiSan_06027!E39 -> 2501342350 | F21: =BCTaiSan_06027!F39/100 -> 0.32174364
A22: ... | B22: ... | C22: ... | D22: ... | E22: ... | F22: ...
A24: I.8 | B24: Các khoản phải thu khác | C24: 2210 | D24: =BCTaiSan_06027!D40 -> 0 | E24: =BCTaiSan_06027!E40 -> 0 | F24: =BCTaiSan_06027!F40/100 -> 0
A25: ... | B25: ... | C25: ... | D25: ... | E25: ... | F25: ...
A27: I.9 | B27: Các tài sản khác | C27: 2211 | D27: =BCTaiSan_06027!D41 -> 0 | E27: =BCTaiSan_06027!E41 -> 0 | F27: =BCTaiSan_06027!F41 -> 0
A28: ... | B28: ... | C28: ... | D28: ... | E28: ... | F28: ...
A30: I.10 | B30: Tổng tài sản | C30: 2212 | D30: =BCTaiSan_06027!D42 -> 93977379590 | E30: =BCTaiSan_06027!E42 -> 118743512759 | F30: =BCTaiSan_06027!F42/100 -> 0.7914317
A31: II | B31: Nợ | C31: 2213
A32: II.1 | B32: Tiền phải thanh toán mua bất động sản (kê chi tiết) | C32: 2222
A33: ... | B33: ... | C33: ... | D33: ... | E33: ... | F33: ...
A34: II.2 | B34: Tiền phải thanh toán mua chứng khoán (kê chi tiết) | C34: 2214 | D34: =BCTaiSan_06027!D44 -> 741110 | E34: =BCTaiSan_06027!E44 -> 649873350 | F34: =BCTaiSan_06027!F44/100 -> 0.0011403914
A35: ... | B35: ... | C35: ... | D35: ... | E35: ... | F35: ...
A37: II.3 | B37: Các khoản phải trả khác | C37: 2215 | D37: =BCTaiSan_06027!D45 -> 16446667602 | E37: =BCTaiSan_06027!E45 -> 872913544 | F37: =BCTaiSan_06027!F45/100 -> 18.841119
A38: ... | B38: ... | C38: ... | D38: ... | E38: ... | F38: ...
A40: II.4 | B40: Tổng nợ | C40: 2216 | D40: =BCTaiSan_06027!D66 -> 16447408712 | E40: =BCTaiSan_06027!E66 -> 1522786894 | F40: =BCTaiSan_06027!F66/100 -> 10.80086
B41: Tài sản ròng của Quỹ/Công ty đầu tư (I.10-II.4) | C41: 2217 | D41: =BCTaiSan_06027!D67 -> 77529970878 | E41: =BCTaiSan_06027!E67 -> 117220725865 | F41: =BCTaiSan_06027!F67/100 -> 0.66140156
B42: Tổng số chứng chỉ quỹ đang lưu hành | C42: 2218 | D42: =BCTaiSan_06027!D68 -> 5737082.6 | E42: =BCTaiSan_06027!E68 -> 7071151.8 | F42: =BCTaiSan_06027!F68/100 -> 0.81133637
B43: Giá trị tài sản ròng trên một chứng chỉ quỹ/cổ phiếu | C43: 2219 | D43: =BCTaiSan_06027!D69 -> 13513.83 | E43: =BCTaiSan_06027!E69 -> 16577.32 | F43: =BCTaiSan_06027!F69/100 -> 0.81520042

Sheet GiaTriTaiSanRong_06129
A1: Mẫu số B03 - QM: Mẫu báo cáo thay đổi giá trị tài sản ròng, giao dịch chứng chỉ quỹ Template B03 - QM: Report on change of Net Asset Value, trading of Fund Certificate
A2: (Ban hành kèm theo Thông tư 198/2012/TT-BTC ngày 15 tháng 11 năm 2012 về chế độ kế toán áp dụng đối với quỹ mở) (Issued in association with Circular 198/2012/TT-BTC dated 15 Nov 2012 on the Accounting Policies for Open-Ended Fund)
A3: BÁO CÁO THAY ĐỔI GIÁ TRỊ TÀI SẢN RÒNG, GIAO DỊCH CHỨNG CHỈ QUỸ REPORT ON CHANGE OF NET ASSET VALUE, TRADING OF FUND CERTIFICATE
A6: =BCThuNhap_06203!A5 -> Năm 2022/ Year 2022
A8: Tên Quỹ: Fund name: | D8: Quỹ Đầu tư Cân bằng Bản Việt Viet Capital Balanced Fund
A9: Tên Công ty quản lý quỹ: Fund Management Company: | D9: Công ty Cổ phần Quản lý Quỹ Đầu tư chứng khoán Bản Việt Viet Capital Asset Management Joint Stock Company
A10: Tên ngân hàng giám sát: | D10: Ngân hàng TMCP Đầu tư và Phát triển Việt Nam CN Nam Kỳ Khởi Nghĩa
A11: Supervising bank: | D11: Bank for Investment and Development of VietNam JSC - Nam Ky Khoi Nghia Branch
A12: Ngày lập báo cáo: | D12: =BCThuNhap_06203!B13 -> Ngày 30 tháng 01 năm 2023
A13: Reporting Date: | D13: =BCThuNhap_06203!B14 -> 44956
A15: STT No | C15: Nội dung Item | D15: Mã số Code | E15: Năm 2022 Year 2022 | F15: Năm 2021 Year 2021
A16: A | C16: B | E16: 1 | F16: 1
A17: I | C17: I. Giá trị tài sản ròng của Quỹ mở (NAV) đầu kỳ Net Asset Value (NAV) at the beginning of period | D17: 4060 | E17: =F24 -> 117220725865 | F17: 83573284315
A18: II | C18: II. Thay đổi NAV so với kỳ trước (= II.1 + II.2), trong đó: Change of NAV during the period (= II.1 + II.2), of which: | D18: 4061 | E18: =+E19+E20 -> -21464260180 | F18: 24799491828
B19: II.1 | C19: II.1 Thay đổi NAV do biến động thị trường và hoạt động giao dịch của Quỹ mở trong kỳ Changes of NAV due to market fluctuation and the fund's investment during the period | D19: 4062 | E19: -21464260180 | F19: 28149096718
B20: II.2 | C20: II.2 Thay đổi NAV do phân chia Lợi nhuận/Tài sản của Quỹ mở cho Nhà đầu tư trong kỳ Change of NAV due to profit distribution to investors during the period | D20: 4063 | F20: -3349604890
A21: III | C21: III. Thay đổi NAV do mua lại, phát hành thêm Chứng chỉ quỹ (= III.1 + III.2) Change of NAV due to redemption, subscription of Fund Certificate (= III.1 + III.2) | D21: 4064 | E21: =+E22+E23 -> -18226494807 | F21: 8847949722
B22: III.1 | C22: III.1 Khoản thu từ việc phát hành bổ sung Chứng chỉ quỹ Increase from Subscription of Fund Certificate | D22: 4065 | E22: 1588839857 | F22: 26301224524
B23: III.2 | C23: III.2 Khoản thanh toán từ việc mua lại Chứng chỉ quỹ Decrease from Redemption of Fund Certificate | D23: 4066 | E23: -19815334664 | F23: -17453274802
A24: IV | C24: IV. Giá trị tài sản ròng của Quỹ mở cuối kỳ (= I + II + III) NAV at the end of period (= I + II + III) | D24: 4067 | E24: =+E17+E18+E21 -> 77529970878 | F24: 117220725865
A26: Đại diện có thẩm quyền của Ngân hàng giám sát | E26: Đại diện có thẩm quyền của Công ty quản lý Quỹ
A27: Authorised Representative of Supervisory Bank | E27: Authorised Representative of Fund Management Company
A37: Ngân hàng TMCP Đầu tư và Phát triển Việt Nam CN Nam Kỳ Khởi Nghĩa | E37: Công ty CP Quản lý Quỹ Đầu tư chứng khoán Bản Việt
A38: Hoàng Văn Sơn | E38: Trương Thị Thanh Ngọc
A39: Phó giám đốc chi nhánh | E39: Giám đốc quỹ

Sheet TB 30092015
E2: GENERAL LEDGER TRIAL BALANCE
E3: Fund | F3: VCAMBF | G3: VIET CAPITAL BALANCED FU Page : | H3: 1/2
A4: General Ledger Trail Balance To | E4: 31/10/2015 00:00 Currency VND | G4: DONG Report | H4: : SHJNA102
G5: 03/11/2015 10:57
E6: Nav Type Official | G6: Historical
A7: Account | B7: IFRS Suff Acc | D7: Maturity | E7: Description | G7: - - - - - - - - - - - - - Balance - - - | H7: - - - - - - - - - -
B8: Class | C8: Ccy | D8: Date | G8: Account Ccy | H8: Fund CcyVND
A9: 101100 | C9: VND | E9: Investment - Equities | F9: VND | G9: 27189959504 | H9: 27189959504
A10: 110100 | C10: VND | D10: 09/11/2015 | E10: Bank Deposits | F10: VND | G10: 5000000000 | H10: 5000000000
A11: 110100 | C11: VND | D11: 12/11/2015 | E11: Bank Deposits | F11: VND | G11: 7000000000 | H11: 7000000000
A12: 110100 | C12: VND | D12: 16/11/2015 | E12: Bank Deposits | F12: VND | G12: 4000000000 | H12: 4000000000
A13: 110100 | C13: VND | D13: 30/12/2015 | E13: Bank Deposits | F13: VND | G13: 13000000000 | H13: 13000000000
A14: 132100 | B14: 7 | C14: VND | E14: Dividend Receivable | F14: VND | G14: 112800000 | H14: 112800000
A15: 132150 | B15: 7 | C15: VND | E15: Due From Broker - Equities | F15: VND | G15: 3088160800 | H15: 3088160800
A16: 140130 | B16: 7 | C16: VND | E16: Cash in Bank STANDARD | F16: VND | G16: 6452337403 | H16: 6452337403
E17: CHARTERED BANK VIETNAM
A18: 152190 | B18: - | C18: VND | E18: Int Accrual - Deposit | F18: VND | G18: 103038889 | H18: 103038889
A19: 161100 | B19: - | C19: VND | E19: Prov Unr P/L - Equities | F19: VND | G19: -1452309804 | H19: -1452309804
A20: 161120 | B20: - | C20: VND | E20: Prov Unr P/L - Rights | F20: VND | G20: 349680000 | H20: 349680000
A21: 212150 | B21: 7 | C21: VND | E21: Due to Broker - Equity | F21: VND | G21: -1492792250 | H21: -1492792250
A22: 212222 | B22: - | C22: VND | E22: Payable WHT Tax | F22: VND | G22: -6000000 | H22: -6000000
A23: 213103 | B23: - | C23: VND | E23: Exp Accrual - Admin Fee | F23: VND | G23: -11180000 | H23: -11180000
A24: 213105 | B24: - | C24: VND | E24: Exp Accrual - Audit Fee | F24: VND | G24: -91616438 | H24: -91616438
A25: 213107 | B25: - | C25: VND | E25: Exp Accrual - Custody Fee | F25: VND | G25: -10750000 | H25: -10750000
A26: 213108 | B26: - | C26: VND | E26: Exp Accrual - Directors Fee | F26: VND | G26: -5400000 | H26: -5400000
A27: 213110 | B27: - | C27: VND | E27: Exp Accrual - Fund Svces Fee | F27: VND | G27: -19565000 | H27: -19565000
A28: 213128 | B28: - | C28: VND | E28: Exp Accrual - Transaction Fee | F28: VND | G28: -9600000 | H28: -9600000
A29: 213129 | B29: - | C29: VND | E29: Exp Accrual - Transfer Agt Fee | F29: VND | G29: -11000000 | H29: -11000000
A30: 213154 | B30: - | C30: VND | E30: Exp Accrual - Other Expense | F30: VND | G30: -8328773 | H30: -8328773
A31: 213500 | B31: - | C31: VND | E31: Exp Accrual - Management | F31: VND | G31: -47698050 | H31: -47698050
E32: Fee
A33: 301000 | B33: - | C33: VND | E33: Capital - Subscription | F33: VND | G33: -60597958652 | H33: -60597958652
A34: 302000 | B34: - | C34: VND | E34: Capital - Redemption | F34: VND | G34: 1056863400 | H34: 1056863400
A35: 303102 | B35: - | C35: VND | E35: Unit Premium Reserve | F35: VND | G35: -191086976 | H35: -191086976
A36: 390000 | B36: - | C36: VND | E36: RETAIN EARNINGS | F36: VND | G36: 567698805 | H36: 567698805
A37: 411100 | B37: - | C37: VND | E37: R/L G/P - Equities | F37: VND | G37: -7655111543 | H37: -7655111543
A38: 431100 | B38: - | C38: VND | E38: UR/L G/P - Equities | F38: VND | G38: -1.9763784e+09 | H38: -1.9763784e+09
A39: 431120 | B39: - | C39: VND | E39: UR/L G/P - Rights | F39: VND | G39: -349680000 | H39: -349680000
A40: 441100 | B40: - | C40: VND | E40: UR/L G/FX - Equities | F40: VND | G40: -0.14 | H40: -0.14
A41: 451100 | B41: - | C41: VND | E41: Dividend Income - Equities | F41: VND | G41: -1971571000 | H41: -1971571000
A42: 452190 | B42: - | C42: VND | E42: Int Income - Deposit | F42: VND | G42: -839661113 | H42: -839661113
A43: 511100 | B43: - | C43: VND | E43: R/L L/P - Equities | F43: VND | G43: 7377336200 | H43: 7377336200
A44: 553002 | B44: - | C44: VND | E44: Other Expenses | F44: VND | G44: 832700 | H44: 832700
... A57: 555167 | B57: - | C57: VND | E57: Annual Fee Expense | F57: VND | G57: 18328773 | H57: 18328773
E59: GENERAL LEDGER TRIAL BALANCE
E60: Fund | F60: VCAMBF VIET CAPITAL BALANCED FU | G60: Page : | H60: 2/2
A61: General Ledger Trail Balance To | E61: 31/10/2015 00:00 Currency VND | G61: DONG Report | H61: : SHJNA102
G62: 03/11/2015 10:57
E63: Nav Type Official | G63: Historical
A64: Account | B64: IFRS Suff Acc | D64: Maturity | E64: Description | G64: - - - - - - - - - - - - - Balance - - - | H64: - - - - - - - - - -
B65: Class | C65: Ccy | D65: Date | G65: Account Ccy | H65: Fund CcyVND
G66: Closing Balance | H66: 0
G67: Total Debits | H67: 76747687956
G68: Total Credits | H68: 76747687956
G69: Total Asset and Liabilities | H69: 63129736281
G70: Total Capital and PL | H70: -63129736281
G71: Total Off Balance | H71: 0

Sheet Sheet1
